Workbook

Sheet Summary
A1: Pest Control Recurring Revenue Forecast
A2: Expected Forecast Revenue | B2: =SUM('Contract Forecast'!$Z$5:$Z$104) | C2: Planning Scope
A3: Scheduled Revenue Before Retention | B3: =SUM('Contract Forecast'!$Y$5:$Y$104) | C3: Recurring scheduled services only
A4: Retention Exposure | B4: =SUM('Contract Forecast'!$AA$5:$AA$104) | C4: Not a cash-receipts forecast
A5: Valid Active Contracts | B5: =COUNTIFS('Contract Forecast'!$A$5:$A$104,"<>",'Contract Forecast'!$J$5:$J$104,"Active",'Contract Forecast'!$L$5:$L$104,"") | C5: Excludes invoices and one-time sales
A6: Renewals Due Within Watch Window | B6: =COUNTIFS('Contract Forecast'!$J$5:$J$104,"Active",'Contract Forecast'!$L$5:$L$104,"",'Contract Forecast'!$G$5:$G$104,">="&Assumptions!$B$2,'Contract Forecast'!$G$5:$G$104,"<="&Assumptions!$B$2+Assumptions!$B$6) | C6: Use fictional or authorized aliases
A7: Overdue Renewals | B7: =COUNTIFS('Contract Forecast'!$J$5:$J$104,"Active",'Contract Forecast'!$L$5:$L$104,"",'Contract Forecast'!$G$5:$G$104,"<"&Assumptions!$B$2) | C7: Do not enter sensitive operational details
A8: Revenue-Weighted Retention | B8: =IFERROR(SUMPRODUCT('Contract Forecast'!$Y$5:$Y$104,'Contract Forecast'!$I$5:$I$104)/SUM('Contract Forecast'!$Y$5:$Y$104),"")
A9: Forecast Period | B9: =TEXT(Assumptions!$B$3,"mm/dd/yyyy")&" through "&TEXT(EOMONTH(Assumptions!$B$3,11),"mm/dd/yyyy")
A12: Forecast Month | B12: Expected Revenue | C12: Renewals Due | D12: Expected Revenue from Low-Retention Contracts
A13: =EDATE(Assumptions!$B$3,ROW()-ROW($A$13)) | B13: =SUM('Contract Forecast'!M$5:M$104) | C13: =COUNTIFS('Contract Forecast'!$G$5:$G$104,">="&A13,'Contract Forecast'!$G$5:$G$104,"<="&EOMONTH(A13,0),'Contract Forecast'!$J$5:$J$104,"Active",'Contract Forecast'!$L$5:$L$104,"") | D13: =SUMIFS('Contract Forecast'!M$5:M$104,'Contract Forecast'!$I$5:$I$104,"<"&Assumptions!$B$7,'Contract Forecast'!$J$5:$J$104,"Active",'Contract Forecast'!$L$5:$L$104,"")
A14: =EDATE(Assumptions!$B$3,ROW()-ROW($A$13)) | B14: =SUM('Contract Forecast'!N$5:N$104) | C14: =COUNTIFS('Contract Forecast'!$G$5:$G$104,">="&A14,'Contract Forecast'!$G$5:$G$104,"<="&EOMONTH(A14,0),'Contract Forecast'!$J$5:$J$104,"Active",'Contract Forecast'!$L$5:$L$104,"") | D14: =SUMIFS('Contract Forecast'!N$5:N$104,'Contract Forecast'!$I$5:$I$104,"<"&Assumptions!$B$7,'Contract Forecast'!$J$5:$J$104,"Active",'Contract Forecast'!$L$5:$L$104,"")
A15: =EDATE(Assumptions!$B$3,ROW()-ROW($A$13)) | B15: =SUM('Contract Forecast'!O$5:O$104) | C15: =COUNTIFS('Contract Forecast'!$G$5:$G$104,">="&A15,'Contract Forecast'!$G$5:$G$104,"<="&EOMONTH(A15,0),'Contract Forecast'!$J$5:$J$104,"Active",'Contract Forecast'!$L$5:$L$104,"") | D15: =SUMIFS('Contract Forecast'!O$5:O$104,'Contract Forecast'!$I$5:$I$104,"<"&Assumptions!$B$7,'Contract Forecast'!$J$5:$J$104,"Active",'Contract Forecast'!$L$5:$L$104,"")
A16: =EDATE(Assumptions!$B$3,ROW()-ROW($A$13)) | B16: =SUM('Contract Forecast'!P$5:P$104) | C16: =COUNTIFS('Contract Forecast'!$G$5:$G$104,">="&A16,'Contract Forecast'!$G$5:$G$104,"<="&EOMONTH(A16,0),'Contract Forecast'!$J$5:$J$104,"Active",'Contract Forecast'!$L$5:$L$104,"") | D16: =SUMIFS('Contract Forecast'!P$5:P$104,'Contract Forecast'!$I$5:$I$104,"<"&Assumptions!$B$7,'Contract Forecast'!$J$5:$J$104,"Active",'Contract Forecast'!$L$5:$L$104,"")
A17: =EDATE(Assumptions!$B$3,ROW()-ROW($A$13)) | B17: =SUM('Contract Forecast'!Q$5:Q$104) | C17: =COUNTIFS('Contract Forecast'!$G$5:$G$104,">="&A17,'Contract Forecast'!$G$5:$G$104,"<="&EOMONTH(A17,0),'Contract Forecast'!$J$5:$J$104,"Active",'Contract Forecast'!$L$5:$L$104,"") | D17: =SUMIFS('Contract Forecast'!Q$5:Q$104,'Contract Forecast'!$I$5:$I$104,"<"&Assumptions!$B$7,'Contract Forecast'!$J$5:$J$104,"Active",'Contract Forecast'!$L$5:$L$104,"")
A18: =EDATE(Assumptions!$B$3,ROW()-ROW($A$13)) | B18: =SUM('Contract Forecast'!R$5:R$104) | C18: =COUNTIFS('Contract Forecast'!$G$5:$G$104,">="&A18,'Contract Forecast'!$G$5:$G$104,"<="&EOMONTH(A18,0),'Contract Forecast'!$J$5:$J$104,"Active",'Contract Forecast'!$L$5:$L$104,"") | D18: =SUMIFS('Contract Forecast'!R$5:R$104,'Contract Forecast'!$I$5:$I$104,"<"&Assumptions!$B$7,'Contract Forecast'!$J$5:$J$104,"Active",'Contract Forecast'!$L$5:$L$104,"")
A19: =EDATE(Assumptions!$B$3,ROW()-ROW($A$13)) | B19: =SUM('Contract Forecast'!S$5:S$104) | C19: =COUNTIFS('Contract Forecast'!$G$5:$G$104,">="&A19,'Contract Forecast'!$G$5:$G$104,"<="&EOMONTH(A19,0),'Contract Forecast'!$J$5:$J$104,"Active",'Contract Forecast'!$L$5:$L$104,"") | D19: =SUMIFS('Contract Forecast'!S$5:S$104,'Contract Forecast'!$I$5:$I$104,"<"&Assumptions!$B$7,'Contract Forecast'!$J$5:$J$104,"Active",'Contract Forecast'!$L$5:$L$104,"")
A20: =EDATE(Assumptions!$B$3,ROW()-ROW($A$13)) | B20: =SUM('Contract Forecast'!T$5:T$104) | C20: =COUNTIFS('Contract Forecast'!$G$5:$G$104,">="&A20,'Contract Forecast'!$G$5:$G$104,"<="&EOMONTH(A20,0),'Contract Forecast'!$J$5:$J$104,"Active",'Contract Forecast'!$L$5:$L$104,"") | D20: =SUMIFS('Contract Forecast'!T$5:T$104,'Contract Forecast'!$I$5:$I$104,"<"&Assumptions!$B$7,'Contract Forecast'!$J$5:$J$104,"Active",'Contract Forecast'!$L$5:$L$104,"")
A21: =EDATE(Assumptions!$B$3,ROW()-ROW($A$13)) | B21: =SUM('Contract Forecast'!U$5:U$104) | C21: =COUNTIFS('Contract Forecast'!$G$5:$G$104,">="&A21,'Contract Forecast'!$G$5:$G$104,"<="&EOMONTH(A21,0),'Contract Forecast'!$J$5:$J$104,"Active",'Contract Forecast'!$L$5:$L$104,"") | D21: =SUMIFS('Contract Forecast'!U$5:U$104,'Contract Forecast'!$I$5:$I$104,"<"&Assumptions!$B$7,'Contract Forecast'!$J$5:$J$104,"Active",'Contract Forecast'!$L$5:$L$104,"")
A22: =EDATE(Assumptions!$B$3,ROW()-ROW($A$13)) | B22: =SUM('Contract Forecast'!V$5:V$104) | C22: =COUNTIFS('Contract Forecast'!$G$5:$G$104,">="&A22,'Contract Forecast'!$G$5:$G$104,"<="&EOMONTH(A22,0),'Contract Forecast'!$J$5:$J$104,"Active",'Contract Forecast'!$L$5:$L$104,"") | D22: =SUMIFS('Contract Forecast'!V$5:V$104,'Contract Forecast'!$I$5:$I$104,"<"&Assumptions!$B$7,'Contract Forecast'!$J$5:$J$104,"Active",'Contract Forecast'!$L$5:$L$104,"")
A23: =EDATE(Assumptions!$B$3,ROW()-ROW($A$13)) | B23: =SUM('Contract Forecast'!W$5:W$104) | C23: =COUNTIFS('Contract Forecast'!$G$5:$G$104,">="&A23,'Contract Forecast'!$G$5:$G$104,"<="&EOMONTH(A23,0),'Contract Forecast'!$J$5:$J$104,"Active",'Contract Forecast'!$L$5:$L$104,"") | D23: =SUMIFS('Contract Forecast'!W$5:W$104,'Contract Forecast'!$I$5:$I$104,"<"&Assumptions!$B$7,'Contract Forecast'!$J$5:$J$104,"Active",'Contract Forecast'!$L$5:$L$104,"")
A24: =EDATE(Assumptions!$B$3,ROW()-ROW($A$13)) | B24: =SUM('Contract Forecast'!X$5:X$104) | C24: =COUNTIFS('Contract Forecast'!$G$5:$G$104,">="&A24,'Contract Forecast'!$G$5:$G$104,"<="&EOMONTH(A24,0),'Contract Forecast'!$J$5:$J$104,"Active",'Contract Forecast'!$L$5:$L$104,"") | D24: =SUMIFS('Contract Forecast'!X$5:X$104,'Contract Forecast'!$I$5:$I$104,"<"&Assumptions!$B$7,'Contract Forecast'!$J$5:$J$104,"Active",'Contract Forecast'!$L$5:$L$104,"")

Sheet Assumptions
A1: Recurring Revenue Forecast Assumptions
A2: As-of Date | B2: 46275
A3: Forecast Start Month | B3: 46266
A4: Forecast Horizon (Months) | B4: 12
A5: Default Expected Retention | B5: 0.85
A6: Renewal Watch Window (Days) | B6: 90
A7: Low Retention Threshold | B7: 0.7
A8: Assumption Check | B8: =IF(COUNT(B2:B7)<6,"Complete all assumptions",IF(AND(B4=12,DAY(B3)=1,B3>=DATE(YEAR(B2),MONTH(B2),1),B3<=EDATE(DATE(YEAR(B2),MONTH(B2),1),12),B5>=0,B5<=1,B6>=0,B6<=365,B7>=0,B7<=1),"Ready","Review assumptions"))
A9: Blue cells are editable assumptions. The forecast horizon is fixed at 12 months.
A11: Service Frequency | B11: Months Between Services | D11: Status
A12: Monthly | B12: 1 | D12: Active
A13: Every 2 Months | B13: 2 | D13: On Hold
A14: Quarterly | B14: 3 | D14: Ended
A15: Semiannual | B15: 6
A16: Annual | B16: 12

Sheet Contract Forecast
A1: Pest Control Recurring Contract Forecast
A2: Enter one recurring contract per row. Blue cells are inputs; gray cells calculate automatically. Account aliases are administrative planning labels only.
L3: Forecast Months | M3: =EDATE(Assumptions!$B$3,COLUMN()-COLUMN($M$3)) | N3: =EDATE(Assumptions!$B$3,COLUMN()-COLUMN($M$3)) | O3: =EDATE(Assumptions!$B$3,COLUMN()-COLUMN($M$3)) | P3: =EDATE(Assumptions!$B$3,COLUMN()-COLUMN($M$3)) | Q3: =EDATE(Assumptions!$B$3,COLUMN()-COLUMN($M$3)) | R3: =EDATE(Assumptions!$B$3,COLUMN()-COLUMN($M$3)) | S3: =EDATE(Assumptions!$B$3,COLUMN()-COLUMN($M$3)) | T3: =EDATE(Assumptions!$B$3,COLUMN()-COLUMN($M$3)) | ... X3: =EDATE(Assumptions!$B$3,COLUMN()-COLUMN($M$3))
A4: Contract ID | B4: Account Alias | C4: Service Frequency | D4: Months Between Services | E4: Revenue per Service | F4: Next Scheduled Service | G4: Next Renewal Date | H4: Expected Retention | I4: Effective Retention | J4: Status | K4: Renewal Alert | L4: Input Alert | M4: Month 1 | N4: Month 2 | O4: Month 3 | P4: Month 4 | Q4: Month 5 | R4: Month 6 | S4: Month 7 | T4: Month 8 | U4: Month 9 | V4: Month 10 | W4: Month 11 | X4: Month 12 | Y4: Scheduled Revenue Before Retention | Z4: Expected Forecast Revenue | AA4: Retention Exposure
A5: DEMO-RR-001 | B5: Fictional Account A | C5: Monthly | D5: =IF(A5="","",IFERROR(VLOOKUP(C5,Assumptions!$A$12:$B$16,2,FALSE),"")) | E5: 120 | F5: 46280 | G5: 46357 | H5: 0.9 | I5: =IF(A5="","",IF(H5="",Assumptions!$B$5,H5)) | J5: Active | K5: =IF(A5="","",IF(OR(L5<>"",J5<>"Active"),"",IF(G5<Assumptions!$B$2,"Renewal overdue"&IF(I5<Assumptions!$B$7,", low retention",""),IF(G5<=Assumptions!$B$2+Assumptions!$B$6,"Renewal due soon"&IF(I5<Assumptions!$B$7,", low retention",""),IF(I5<Assumptions!$B$7,"Low retention",""))))) | L5: =IF(A5="","",IF(Assumptions!$B$8<>"Ready","Review assumptions",IF(COUNTIF($A$5:$A$104,A5)>1,"Duplicate contract ID",IF(OR(B5="",C5="",E5="",F5="",G5="",J5=""),"Missing required input",IF(D5="","Frequency not recognized",IF(OR(E5<=0,AND(H5<>"",OR(H5<0,H5>1))),"Check amount or retention",IF(OR(F5<Assumptions!$B$2,F5>EOMONTH(Assumptions!$B$3,11)),"Next service date is outside allowed range",""))))))) | M5: =IF($A5="","",IF($L5<>"","",IF($J5<>"Active",0,IF(AND((YEAR(M$3)-YEAR($F5))*12+MONTH(M$3)-MONTH($F5)>=0,MOD((YEAR(M$3)-YEAR($F5))*12+MONTH(M$3)-MONTH($F5),$D5)=0),ROUND($E5*IF(EDATE($F5,(YEAR(M$3)-YEAR($F5))*12+MONTH(M$3)-MONTH($F5))<$G5,1,$I5),2),0)))) | N5: =IF($A5="","",IF($L5<>"","",IF($J5<>"Active",0,IF(AND((YEAR(N$3)-YEAR($F5))*12+MONTH(N$3)-MONTH($F5)>=0,MOD((YEAR(N$3)-YEAR($F5))*12+MONTH(N$3)-MONTH($F5),$D5)=0),ROUND($E5*IF(EDATE($F5,(YEAR(N$3)-YEAR($F5))*12+MONTH(N$3)-MONTH($F5))<$G5,1,$I5),2),0)))) | O5: =IF($A5="","",IF($L5<>"","",IF($J5<>"Active",0,IF(AND((YEAR(O$3)-YEAR($F5))*12+MONTH(O$3)-MONTH($F5)>=0,MOD((YEAR(O$3)-YEAR($F5))*12+MONTH(O$3)-MONTH($F5),$D5)=0),ROUND($E5*IF(EDATE($F5,(YEAR(O$3)-YEAR($F5))*12+MONTH(O$3)-MONTH($F5))<$G5,1,$I5),2),0)))) | P5: =IF($A5="","",IF($L5<>"","",IF($J5<>"Active",0,IF(AND((YEAR(P$3)-YEAR($F5))*12+MONTH(P$3)-MONTH($F5)>=0,MOD((YEAR(P$3)-YEAR($F5))*12+MONTH(P$3)-MONTH($F5),$D5)=0),ROUND($E5*IF(EDATE($F5,(YEAR(P$3)-YEAR($F5))*12+MONTH(P$3)-MONTH($F5))<$G5,1,$I5),2),0)))) | Q5: =IF($A5="","",IF($L5<>"","",IF($J5<>"Active",0,IF(AND((YEAR(Q$3)-YEAR($F5))*12+MONTH(Q$3)-MONTH($F5)>=0,MOD((YEAR(Q$3)-YEAR($F5))*12+MONTH(Q$3)-MONTH($F5),$D5)=0),ROUND($E5*IF(EDATE($F5,(YEAR(Q$3)-YEAR($F5))*12+MONTH(Q$3)-MONTH($F5))<$G5,1,$I5),2),0)))) | R5: =IF($A5="","",IF($L5<>"","",IF($J5<>"Active",0,IF(AND((YEAR(R$3)-YEAR($F5))*12+MONTH(R$3)-MONTH($F5)>=0,MOD((YEAR(R$3)-YEAR($F5))*12+MONTH(R$3)-MONTH($F5),$D5)=0),ROUND($E5*IF(EDATE($F5,(YEAR(R$3)-YEAR($F5))*12+MONTH(R$3)-MONTH($F5))<$G5,1,$I5),2),0)))) | S5: =IF($A5="","",IF($L5<>"","",IF($J5<>"Active",0,IF(AND((YEAR(S$3)-YEAR($F5))*12+MONTH(S$3)-MONTH($F5)>=0,MOD((YEAR(S$3)-YEAR($F5))*12+MONTH(S$3)-MONTH($F5),$D5)=0),ROUND($E5*IF(EDATE($F5,(YEAR(S$3)-YEAR($F5))*12+MONTH(S$3)-MONTH($F5))<$G5,1,$I5),2),0)))) | T5: =IF($A5="","",IF($L5<>"","",IF($J5<>"Active",0,IF(AND((YEAR(T$3)-YEAR($F5))*12+MONTH(T$3)-MONTH($F5)>=0,MOD((YEAR(T$3)-YEAR($F5))*12+MONTH(T$3)-MONTH($F5),$D5)=0),ROUND($E5*IF(EDATE($F5,(YEAR(T$3)-YEAR($F5))*12+MONTH(T$3)-MONTH($F5))<$G5,1,$I5),2),0)))) | ... X5: =IF($A5="","",IF($L5<>"","",IF($J5<>"Active",0,IF(AND((YEAR(X$3)-YEAR($F5))*12+MONTH(X$3)-MONTH($F5)>=0,MOD((YEAR(X$3)-YEAR($F5))*12+MONTH(X$3)-MONTH($F5),$D5)=0),ROUND($E5*IF(EDATE($F5,(YEAR(X$3)-YEAR($F5))*12+MONTH(X$3)-MONTH($F5))<$G5,1,$I5),2),0)))) | Y5: =IF($A5="","",IF($L5<>"","",IF($J5<>"Active",0,$E5*SUMPRODUCT(--(((YEAR($M$3:$X$3)-YEAR($F5))*12+MONTH($M$3:$X$3)-MONTH($F5))>=0),--(MOD((YEAR($M$3:$X$3)-YEAR($F5))*12+MONTH($M$3:$X$3)-MONTH($F5),$D5)=0))))) | Z5: =IF(A5="","",IF(L5<>"","",SUM(M5:X5))) | AA5: =IF(A5="","",IF(OR(Y5="",Z5=""),"",Y5-Z5))
A6: DEMO-RR-002 | B6: Fictional Account B | C6: Every 2 Months | D6: =IF(A6="","",IFERROR(VLOOKUP(C6,Assumptions!$A$12:$B$16,2,FALSE),"")) | E6: 210 | F6: 46300 | G6: 46447 | I6: =IF(A6="","",IF(H6="",Assumptions!$B$5,H6)) | J6: Active | K6: =IF(A6="","",IF(OR(L6<>"",J6<>"Active"),"",IF(G6<Assumptions!$B$2,"Renewal overdue"&IF(I6<Assumptions!$B$7,", low retention",""),IF(G6<=Assumptions!$B$2+Assumptions!$B$6,"Renewal due soon"&IF(I6<Assumptions!$B$7,", low retention",""),IF(I6<Assumptions!$B$7,"Low retention",""))))) | L6: =IF(A6="","",IF(Assumptions!$B$8<>"Ready","Review assumptions",IF(COUNTIF($A$5:$A$104,A6)>1,"Duplicate contract ID",IF(OR(B6="",C6="",E6="",F6="",G6="",J6=""),"Missing required input",IF(D6="","Frequency not recognized",IF(OR(E6<=0,AND(H6<>"",OR(H6<0,H6>1))),"Check amount or retention",IF(OR(F6<Assumptions!$B$2,F6>EOMONTH(Assumptions!$B$3,11)),"Next service date is outside allowed range",""))))))) | M6: =IF($A6="","",IF($L6<>"","",IF($J6<>"Active",0,IF(AND((YEAR(M$3)-YEAR($F6))*12+MONTH(M$3)-MONTH($F6)>=0,MOD((YEAR(M$3)-YEAR($F6))*12+MONTH(M$3)-MONTH($F6),$D6)=0),ROUND($E6*IF(EDATE($F6,(YEAR(M$3)-YEAR($F6))*12+MONTH(M$3)-MONTH($F6))<$G6,1,$I6),2),0)))) | N6: =IF($A6="","",IF($L6<>"","",IF($J6<>"Active",0,IF(AND((YEAR(N$3)-YEAR($F6))*12+MONTH(N$3)-MONTH($F6)>=0,MOD((YEAR(N$3)-YEAR($F6))*12+MONTH(N$3)-MONTH($F6),$D6)=0),ROUND($E6*IF(EDATE($F6,(YEAR(N$3)-YEAR($F6))*12+MONTH(N$3)-MONTH($F6))<$G6,1,$I6),2),0)))) | O6: =IF($A6="","",IF($L6<>"","",IF($J6<>"Active",0,IF(AND((YEAR(O$3)-YEAR($F6))*12+MONTH(O$3)-MONTH($F6)>=0,MOD((YEAR(O$3)-YEAR($F6))*12+MONTH(O$3)-MONTH($F6),$D6)=0),ROUND($E6*IF(EDATE($F6,(YEAR(O$3)-YEAR($F6))*12+MONTH(O$3)-MONTH($F6))<$G6,1,$I6),2),0)))) | P6: =IF($A6="","",IF($L6<>"","",IF($J6<>"Active",0,IF(AND((YEAR(P$3)-YEAR($F6))*12+MONTH(P$3)-MONTH($F6)>=0,MOD((YEAR(P$3)-YEAR($F6))*12+MONTH(P$3)-MONTH($F6),$D6)=0),ROUND($E6*IF(EDATE($F6,(YEAR(P$3)-YEAR($F6))*12+MONTH(P$3)-MONTH($F6))<$G6,1,$I6),2),0)))) | Q6: =IF($A6="","",IF($L6<>"","",IF($J6<>"Active",0,IF(AND((YEAR(Q$3)-YEAR($F6))*12+MONTH(Q$3)-MONTH($F6)>=0,MOD((YEAR(Q$3)-YEAR($F6))*12+MONTH(Q$3)-MONTH($F6),$D6)=0),ROUND($E6*IF(EDATE($F6,(YEAR(Q$3)-YEAR($F6))*12+MONTH(Q$3)-MONTH($F6))<$G6,1,$I6),2),0)))) | R6: =IF($A6="","",IF($L6<>"","",IF($J6<>"Active",0,IF(AND((YEAR(R$3)-YEAR($F6))*12+MONTH(R$3)-MONTH($F6)>=0,MOD((YEAR(R$3)-YEAR($F6))*12+MONTH(R$3)-MONTH($F6),$D6)=0),ROUND($E6*IF(EDATE($F6,(YEAR(R$3)-YEAR($F6))*12+MONTH(R$3)-MONTH($F6))<$G6,1,$I6),2),0)))) | S6: =IF($A6="","",IF($L6<>"","",IF($J6<>"Active",0,IF(AND((YEAR(S$3)-YEAR($F6))*12+MONTH(S$3)-MONTH($F6)>=0,MOD((YEAR(S$3)-YEAR($F6))*12+MONTH(S$3)-MONTH($F6),$D6)=0),ROUND($E6*IF(EDATE($F6,(YEAR(S$3)-YEAR($F6))*12+MONTH(S$3)-MONTH($F6))<$G6,1,$I6),2),0)))) | T6: =IF($A6="","",IF($L6<>"","",IF($J6<>"Active",0,IF(AND((YEAR(T$3)-YEAR($F6))*12+MONTH(T$3)-MONTH($F6)>=0,MOD((YEAR(T$3)-YEAR($F6))*12+MONTH(T$3)-MONTH($F6),$D6)=0),ROUND($E6*IF(EDATE($F6,(YEAR(T$3)-YEAR($F6))*12+MONTH(T$3)-MONTH($F6))<$G6,1,$I6),2),0)))) | ... X6: =IF($A6="","",IF($L6<>"","",IF($J6<>"Active",0,IF(AND((YEAR(X$3)-YEAR($F6))*12+MONTH(X$3)-MONTH($F6)>=0,MOD((YEAR(X$3)-YEAR($F6))*12+MONTH(X$3)-MONTH($F6),$D6)=0),ROUND($E6*IF(EDATE($F6,(YEAR(X$3)-YEAR($F6))*12+MONTH(X$3)-MONTH($F6))<$G6,1,$I6),2),0)))) | Y6: =IF($A6="","",IF($L6<>"","",IF($J6<>"Active",0,$E6*SUMPRODUCT(--(((YEAR($M$3:$X$3)-YEAR($F6))*12+MONTH($M$3:$X$3)-MONTH($F6))>=0),--(MOD((YEAR($M$3:$X$3)-YEAR($F6))*12+MONTH($M$3:$X$3)-MONTH($F6),$D6)=0))))) | Z6: =IF(A6="","",IF(L6<>"","",SUM(M6:X6))) | AA6: =IF(A6="","",IF(OR(Y6="",Z6=""),"",Y6-Z6))
A7: DEMO-RR-003 | B7: Fictional Account C | C7: Quarterly | D7: =IF(A7="","",IFERROR(VLOOKUP(C7,Assumptions!$A$12:$B$16,2,FALSE),"")) | E7: 360 | F7: 46293 | G7: 46631 | H7: 0.75 | I7: =IF(A7="","",IF(H7="",Assumptions!$B$5,H7)) | J7: Active | K7: =IF(A7="","",IF(OR(L7<>"",J7<>"Active"),"",IF(G7<Assumptions!$B$2,"Renewal overdue"&IF(I7<Assumptions!$B$7,", low retention",""),IF(G7<=Assumptions!$B$2+Assumptions!$B$6,"Renewal due soon"&IF(I7<Assumptions!$B$7,", low retention",""),IF(I7<Assumptions!$B$7,"Low retention",""))))) | L7: =IF(A7="","",IF(Assumptions!$B$8<>"Ready","Review assumptions",IF(COUNTIF($A$5:$A$104,A7)>1,"Duplicate contract ID",IF(OR(B7="",C7="",E7="",F7="",G7="",J7=""),"Missing required input",IF(D7="","Frequency not recognized",IF(OR(E7<=0,AND(H7<>"",OR(H7<0,H7>1))),"Check amount or retention",IF(OR(F7<Assumptions!$B$2,F7>EOMONTH(Assumptions!$B$3,11)),"Next service date is outside allowed range",""))))))) | M7: =IF($A7="","",IF($L7<>"","",IF($J7<>"Active",0,IF(AND((YEAR(M$3)-YEAR($F7))*12+MONTH(M$3)-MONTH($F7)>=0,MOD((YEAR(M$3)-YEAR($F7))*12+MONTH(M$3)-MONTH($F7),$D7)=0),ROUND($E7*IF(EDATE($F7,(YEAR(M$3)-YEAR($F7))*12+MONTH(M$3)-MONTH($F7))<$G7,1,$I7),2),0)))) | N7: =IF($A7="","",IF($L7<>"","",IF($J7<>"Active",0,IF(AND((YEAR(N$3)-YEAR($F7))*12+MONTH(N$3)-MONTH($F7)>=0,MOD((YEAR(N$3)-YEAR($F7))*12+MONTH(N$3)-MONTH($F7),$D7)=0),ROUND($E7*IF(EDATE($F7,(YEAR(N$3)-YEAR($F7))*12+MONTH(N$3)-MONTH($F7))<$G7,1,$I7),2),0)))) | O7: =IF($A7="","",IF($L7<>"","",IF($J7<>"Active",0,IF(AND((YEAR(O$3)-YEAR($F7))*12+MONTH(O$3)-MONTH($F7)>=0,MOD((YEAR(O$3)-YEAR($F7))*12+MONTH(O$3)-MONTH($F7),$D7)=0),ROUND($E7*IF(EDATE($F7,(YEAR(O$3)-YEAR($F7))*12+MONTH(O$3)-MONTH($F7))<$G7,1,$I7),2),0)))) | P7: =IF($A7="","",IF($L7<>"","",IF($J7<>"Active",0,IF(AND((YEAR(P$3)-YEAR($F7))*12+MONTH(P$3)-MONTH($F7)>=0,MOD((YEAR(P$3)-YEAR($F7))*12+MONTH(P$3)-MONTH($F7),$D7)=0),ROUND($E7*IF(EDATE($F7,(YEAR(P$3)-YEAR($F7))*12+MONTH(P$3)-MONTH($F7))<$G7,1,$I7),2),0)))) | Q7: =IF($A7="","",IF($L7<>"","",IF($J7<>"Active",0,IF(AND((YEAR(Q$3)-YEAR($F7))*12+MONTH(Q$3)-MONTH($F7)>=0,MOD((YEAR(Q$3)-YEAR($F7))*12+MONTH(Q$3)-MONTH($F7),$D7)=0),ROUND($E7*IF(EDATE($F7,(YEAR(Q$3)-YEAR($F7))*12+MONTH(Q$3)-MONTH($F7))<$G7,1,$I7),2),0)))) | R7: =IF($A7="","",IF($L7<>"","",IF($J7<>"Active",0,IF(AND((YEAR(R$3)-YEAR($F7))*12+MONTH(R$3)-MONTH($F7)>=0,MOD((YEAR(R$3)-YEAR($F7))*12+MONTH(R$3)-MONTH($F7),$D7)=0),ROUND($E7*IF(EDATE($F7,(YEAR(R$3)-YEAR($F7))*12+MONTH(R$3)-MONTH($F7))<$G7,1,$I7),2),0)))) | S7: =IF($A7="","",IF($L7<>"","",IF($J7<>"Active",0,IF(AND((YEAR(S$3)-YEAR($F7))*12+MONTH(S$3)-MONTH($F7)>=0,MOD((YEAR(S$3)-YEAR($F7))*12+MONTH(S$3)-MONTH($F7),$D7)=0),ROUND($E7*IF(EDATE($F7,(YEAR(S$3)-YEAR($F7))*12+MONTH(S$3)-MONTH($F7))<$G7,1,$I7),2),0)))) | T7: =IF($A7="","",IF($L7<>"","",IF($J7<>"Active",0,IF(AND((YEAR(T$3)-YEAR($F7))*12+MONTH(T$3)-MONTH($F7)>=0,MOD((YEAR(T$3)-YEAR($F7))*12+MONTH(T$3)-MONTH($F7),$D7)=0),ROUND($E7*IF(EDATE($F7,(YEAR(T$3)-YEAR($F7))*12+MONTH(T$3)-MONTH($F7))<$G7,1,$I7),2),0)))) | ... X7: =IF($A7="","",IF($L7<>"","",IF($J7<>"Active",0,IF(AND((YEAR(X$3)-YEAR($F7))*12+MONTH(X$3)-MONTH($F7)>=0,MOD((YEAR(X$3)-YEAR($F7))*12+MONTH(X$3)-MONTH($F7),$D7)=0),ROUND($E7*IF(EDATE($F7,(YEAR(X$3)-YEAR($F7))*12+MONTH(X$3)-MONTH($F7))<$G7,1,$I7),2),0)))) | Y7: =IF($A7="","",IF($L7<>"","",IF($J7<>"Active",0,$E7*SUMPRODUCT(--(((YEAR($M$3:$X$3)-YEAR($F7))*12+MONTH($M$3:$X$3)-MONTH($F7))>=0),--(MOD((YEAR($M$3:$X$3)-YEAR($F7))*12+MONTH($M$3:$X$3)-MONTH($F7),$D7)=0))))) | Z7: =IF(A7="","",IF(L7<>"","",SUM(M7:X7))) | AA7: =IF(A7="","",IF(OR(Y7="",Z7=""),"",Y7-Z7))
A8: DEMO-RR-004 | B8: Fictional Account D | C8: Semiannual | D8: =IF(A8="","",IFERROR(VLOOKUP(C8,Assumptions!$A$12:$B$16,2,FALSE),"")) | E8: 650 | F8: 46346 | G8: 46402 | H8: 0.65 | I8: =IF(A8="","",IF(H8="",Assumptions!$B$5,H8)) | J8: Active | K8: =IF(A8="","",IF(OR(L8<>"",J8<>"Active"),"",IF(G8<Assumptions!$B$2,"Renewal overdue"&IF(I8<Assumptions!$B$7,", low retention",""),IF(G8<=Assumptions!$B$2+Assumptions!$B$6,"Renewal due soon"&IF(I8<Assumptions!$B$7,", low retention",""),IF(I8<Assumptions!$B$7,"Low retention",""))))) | L8: =IF(A8="","",IF(Assumptions!$B$8<>"Ready","Review assumptions",IF(COUNTIF($A$5:$A$104,A8)>1,"Duplicate contract ID",IF(OR(B8="",C8="",E8="",F8="",G8="",J8=""),"Missing required input",IF(D8="","Frequency not recognized",IF(OR(E8<=0,AND(H8<>"",OR(H8<0,H8>1))),"Check amount or retention",IF(OR(F8<Assumptions!$B$2,F8>EOMONTH(Assumptions!$B$3,11)),"Next service date is outside allowed range",""))))))) | M8: =IF($A8="","",IF($L8<>"","",IF($J8<>"Active",0,IF(AND((YEAR(M$3)-YEAR($F8))*12+MONTH(M$3)-MONTH($F8)>=0,MOD((YEAR(M$3)-YEAR($F8))*12+MONTH(M$3)-MONTH($F8),$D8)=0),ROUND($E8*IF(EDATE($F8,(YEAR(M$3)-YEAR($F8))*12+MONTH(M$3)-MONTH($F8))<$G8,1,$I8),2),0)))) | N8: =IF($A8="","",IF($L8<>"","",IF($J8<>"Active",0,IF(AND((YEAR(N$3)-YEAR($F8))*12+MONTH(N$3)-MONTH($F8)>=0,MOD((YEAR(N$3)-YEAR($F8))*12+MONTH(N$3)-MONTH($F8),$D8)=0),ROUND($E8*IF(EDATE($F8,(YEAR(N$3)-YEAR($F8))*12+MONTH(N$3)-MONTH($F8))<$G8,1,$I8),2),0)))) | O8: =IF($A8="","",IF($L8<>"","",IF($J8<>"Active",0,IF(AND((YEAR(O$3)-YEAR($F8))*12+MONTH(O$3)-MONTH($F8)>=0,MOD((YEAR(O$3)-YEAR($F8))*12+MONTH(O$3)-MONTH($F8),$D8)=0),ROUND($E8*IF(EDATE($F8,(YEAR(O$3)-YEAR($F8))*12+MONTH(O$3)-MONTH($F8))<$G8,1,$I8),2),0)))) | P8: =IF($A8="","",IF($L8<>"","",IF($J8<>"Active",0,IF(AND((YEAR(P$3)-YEAR($F8))*12+MONTH(P$3)-MONTH($F8)>=0,MOD((YEAR(P$3)-YEAR($F8))*12+MONTH(P$3)-MONTH($F8),$D8)=0),ROUND($E8*IF(EDATE($F8,(YEAR(P$3)-YEAR($F8))*12+MONTH(P$3)-MONTH($F8))<$G8,1,$I8),2),0)))) | Q8: =IF($A8="","",IF($L8<>"","",IF($J8<>"Active",0,IF(AND((YEAR(Q$3)-YEAR($F8))*12+MONTH(Q$3)-MONTH($F8)>=0,MOD((YEAR(Q$3)-YEAR($F8))*12+MONTH(Q$3)-MONTH($F8),$D8)=0),ROUND($E8*IF(EDATE($F8,(YEAR(Q$3)-YEAR($F8))*12+MONTH(Q$3)-MONTH($F8))<$G8,1,$I8),2),0)))) | R8: =IF($A8="","",IF($L8<>"","",IF($J8<>"Active",0,IF(AND((YEAR(R$3)-YEAR($F8))*12+MONTH(R$3)-MONTH($F8)>=0,MOD((YEAR(R$3)-YEAR($F8))*12+MONTH(R$3)-MONTH($F8),$D8)=0),ROUND($E8*IF(EDATE($F8,(YEAR(R$3)-YEAR($F8))*12+MONTH(R$3)-MONTH($F8))<$G8,1,$I8),2),0)))) | S8: =IF($A8="","",IF($L8<>"","",IF($J8<>"Active",0,IF(AND((YEAR(S$3)-YEAR($F8))*12+MONTH(S$3)-MONTH($F8)>=0,MOD((YEAR(S$3)-YEAR($F8))*12+MONTH(S$3)-MONTH($F8),$D8)=0),ROUND($E8*IF(EDATE($F8,(YEAR(S$3)-YEAR($F8))*12+MONTH(S$3)-MONTH($F8))<$G8,1,$I8),2),0)))) | T8: =IF($A8="","",IF($L8<>"","",IF($J8<>"Active",0,IF(AND((YEAR(T$3)-YEAR($F8))*12+MONTH(T$3)-MONTH($F8)>=0,MOD((YEAR(T$3)-YEAR($F8))*12+MONTH(T$3)-MONTH($F8),$D8)=0),ROUND($E8*IF(EDATE($F8,(YEAR(T$3)-YEAR($F8))*12+MONTH(T$3)-MONTH($F8))<$G8,1,$I8),2),0)))) | ... X8: =IF($A8="","",IF($L8<>"","",IF($J8<>"Active",0,IF(AND((YEAR(X$3)-YEAR($F8))*12+MONTH(X$3)-MONTH($F8)>=0,MOD((YEAR(X$3)-YEAR($F8))*12+MONTH(X$3)-MONTH($F8),$D8)=0),ROUND($E8*IF(EDATE($F8,(YEAR(X$3)-YEAR($F8))*12+MONTH(X$3)-MONTH($F8))<$G8,1,$I8),2),0)))) | Y8: =IF($A8="","",IF($L8<>"","",IF($J8<>"Active",0,$E8*SUMPRODUCT(--(((YEAR($M$3:$X$3)-YEAR($F8))*12+MONTH($M$3:$X$3)-MONTH($F8))>=0),--(MOD((YEAR($M$3:$X$3)-YEAR($F8))*12+MONTH($M$3:$X$3)-MONTH($F8),$D8)=0))))) | Z8: =IF(A8="","",IF(L8<>"","",SUM(M8:X8))) | AA8: =IF(A8="","",IF(OR(Y8="",Z8=""),"",Y8-Z8))
A9: DEMO-RR-005 | B9: Fictional Account E | C9: Annual | D9: =IF(A9="","",IFERROR(VLOOKUP(C9,Assumptions!$A$12:$B$16,2,FALSE),"")) | E9: 1200 | F9: 46428 | G9: 46419 | H9: 0.8 | I9: =IF(A9="","",IF(H9="",Assumptions!$B$5,H9)) | J9: Active | K9: =IF(A9="","",IF(OR(L9<>"",J9<>"Active"),"",IF(G9<Assumptions!$B$2,"Renewal overdue"&IF(I9<Assumptions!$B$7,", low retention",""),IF(G9<=Assumptions!$B$2+Assumptions!$B$6,"Renewal due soon"&IF(I9<Assumptions!$B$7,", low retention",""),IF(I9<Assumptions!$B$7,"Low retention",""))))) | L9: =IF(A9="","",IF(Assumptions!$B$8<>"Ready","Review assumptions",IF(COUNTIF($A$5:$A$104,A9)>1,"Duplicate contract ID",IF(OR(B9="",C9="",E9="",F9="",G9="",J9=""),"Missing required input",IF(D9="","Frequency not recognized",IF(OR(E9<=0,AND(H9<>"",OR(H9<0,H9>1))),"Check amount or retention",IF(OR(F9<Assumptions!$B$2,F9>EOMONTH(Assumptions!$B$3,11)),"Next service date is outside allowed range",""))))))) | M9: =IF($A9="","",IF($L9<>"","",IF($J9<>"Active",0,IF(AND((YEAR(M$3)-YEAR($F9))*12+MONTH(M$3)-MONTH($F9)>=0,MOD((YEAR(M$3)-YEAR($F9))*12+MONTH(M$3)-MONTH($F9),$D9)=0),ROUND($E9*IF(EDATE($F9,(YEAR(M$3)-YEAR($F9))*12+MONTH(M$3)-MONTH($F9))<$G9,1,$I9),2),0)))) | N9: =IF($A9="","",IF($L9<>"","",IF($J9<>"Active",0,IF(AND((YEAR(N$3)-YEAR($F9))*12+MONTH(N$3)-MONTH($F9)>=0,MOD((YEAR(N$3)-YEAR($F9))*12+MONTH(N$3)-MONTH($F9),$D9)=0),ROUND($E9*IF(EDATE($F9,(YEAR(N$3)-YEAR($F9))*12+MONTH(N$3)-MONTH($F9))<$G9,1,$I9),2),0)))) | O9: =IF($A9="","",IF($L9<>"","",IF($J9<>"Active",0,IF(AND((YEAR(O$3)-YEAR($F9))*12+MONTH(O$3)-MONTH($F9)>=0,MOD((YEAR(O$3)-YEAR($F9))*12+MONTH(O$3)-MONTH($F9),$D9)=0),ROUND($E9*IF(EDATE($F9,(YEAR(O$3)-YEAR($F9))*12+MONTH(O$3)-MONTH($F9))<$G9,1,$I9),2),0)))) | P9: =IF($A9="","",IF($L9<>"","",IF($J9<>"Active",0,IF(AND((YEAR(P$3)-YEAR($F9))*12+MONTH(P$3)-MONTH($F9)>=0,MOD((YEAR(P$3)-YEAR($F9))*12+MONTH(P$3)-MONTH($F9),$D9)=0),ROUND($E9*IF(EDATE($F9,(YEAR(P$3)-YEAR($F9))*12+MONTH(P$3)-MONTH($F9))<$G9,1,$I9),2),0)))) | Q9: =IF($A9="","",IF($L9<>"","",IF($J9<>"Active",0,IF(AND((YEAR(Q$3)-YEAR($F9))*12+MONTH(Q$3)-MONTH($F9)>=0,MOD((YEAR(Q$3)-YEAR($F9))*12+MONTH(Q$3)-MONTH($F9),$D9)=0),ROUND($E9*IF(EDATE($F9,(YEAR(Q$3)-YEAR($F9))*12+MONTH(Q$3)-MONTH($F9))<$G9,1,$I9),2),0)))) | R9: =IF($A9="","",IF($L9<>"","",IF($J9<>"Active",0,IF(AND((YEAR(R$3)-YEAR($F9))*12+MONTH(R$3)-MONTH($F9)>=0,MOD((YEAR(R$3)-YEAR($F9))*12+MONTH(R$3)-MONTH($F9),$D9)=0),ROUND($E9*IF(EDATE($F9,(YEAR(R$3)-YEAR($F9))*12+MONTH(R$3)-MONTH($F9))<$G9,1,$I9),2),0)))) | S9: =IF($A9="","",IF($L9<>"","",IF($J9<>"Active",0,IF(AND((YEAR(S$3)-YEAR($F9))*12+MONTH(S$3)-MONTH($F9)>=0,MOD((YEAR(S$3)-YEAR($F9))*12+MONTH(S$3)-MONTH($F9),$D9)=0),ROUND($E9*IF(EDATE($F9,(YEAR(S$3)-YEAR($F9))*12+MONTH(S$3)-MONTH($F9))<$G9,1,$I9),2),0)))) | T9: =IF($A9="","",IF($L9<>"","",IF($J9<>"Active",0,IF(AND((YEAR(T$3)-YEAR($F9))*12+MONTH(T$3)-MONTH($F9)>=0,MOD((YEAR(T$3)-YEAR($F9))*12+MONTH(T$3)-MONTH($F9),$D9)=0),ROUND($E9*IF(EDATE($F9,(YEAR(T$3)-YEAR($F9))*12+MONTH(T$3)-MONTH($F9))<$G9,1,$I9),2),0)))) | ... X9: =IF($A9="","",IF($L9<>"","",IF($J9<>"Active",0,IF(AND((YEAR(X$3)-YEAR($F9))*12+MONTH(X$3)-MONTH($F9)>=0,MOD((YEAR(X$3)-YEAR($F9))*12+MONTH(X$3)-MONTH($F9),$D9)=0),ROUND($E9*IF(EDATE($F9,(YEAR(X$3)-YEAR($F9))*12+MONTH(X$3)-MONTH($F9))<$G9,1,$I9),2),0)))) | Y9: =IF($A9="","",IF($L9<>"","",IF($J9<>"Active",0,$E9*SUMPRODUCT(--(((YEAR($M$3:$X$3)-YEAR($F9))*12+MONTH($M$3:$X$3)-MONTH($F9))>=0),--(MOD((YEAR($M$3:$X$3)-YEAR($F9))*12+MONTH($M$3:$X$3)-MONTH($F9),$D9)=0))))) | Z9: =IF(A9="","",IF(L9<>"","",SUM(M9:X9))) | AA9: =IF(A9="","",IF(OR(Y9="",Z9=""),"",Y9-Z9))
A10: DEMO-RR-006 | B10: Fictional Account F | C10: Monthly | D10: =IF(A10="","",IFERROR(VLOOKUP(C10,Assumptions!$A$12:$B$16,2,FALSE),"")) | E10: 95 | F10: 46285 | G10: 46296 | H10: 0.6 | I10: =IF(A10="","",IF(H10="",Assumptions!$B$5,H10)) | J10: Active | K10: =IF(A10="","",IF(OR(L10<>"",J10<>"Active"),"",IF(G10<Assumptions!$B$2,"Renewal overdue"&IF(I10<Assumptions!$B$7,", low retention",""),IF(G10<=Assumptions!$B$2+Assumptions!$B$6,"Renewal due soon"&IF(I10<Assumptions!$B$7,", low retention",""),IF(I10<Assumptions!$B$7,"Low retention",""))))) | L10: =IF(A10="","",IF(Assumptions!$B$8<>"Ready","Review assumptions",IF(COUNTIF($A$5:$A$104,A10)>1,"Duplicate contract ID",IF(OR(B10="",C10="",E10="",F10="",G10="",J10=""),"Missing required input",IF(D10="","Frequency not recognized",IF(OR(E10<=0,AND(H10<>"",OR(H10<0,H10>1))),"Check amount or retention",IF(OR(F10<Assumptions!$B$2,F10>EOMONTH(Assumptions!$B$3,11)),"Next service date is outside allowed range",""))))))) | M10: =IF($A10="","",IF($L10<>"","",IF($J10<>"Active",0,IF(AND((YEAR(M$3)-YEAR($F10))*12+MONTH(M$3)-MONTH($F10)>=0,MOD((YEAR(M$3)-YEAR($F10))*12+MONTH(M$3)-MONTH($F10),$D10)=0),ROUND($E10*IF(EDATE($F10,(YEAR(M$3)-YEAR($F10))*12+MONTH(M$3)-MONTH($F10))<$G10,1,$I10),2),0)))) | N10: =IF($A10="","",IF($L10<>"","",IF($J10<>"Active",0,IF(AND((YEAR(N$3)-YEAR($F10))*12+MONTH(N$3)-MONTH($F10)>=0,MOD((YEAR(N$3)-YEAR($F10))*12+MONTH(N$3)-MONTH($F10),$D10)=0),ROUND($E10*IF(EDATE($F10,(YEAR(N$3)-YEAR($F10))*12+MONTH(N$3)-MONTH($F10))<$G10,1,$I10),2),0)))) | O10: =IF($A10="","",IF($L10<>"","",IF($J10<>"Active",0,IF(AND((YEAR(O$3)-YEAR($F10))*12+MONTH(O$3)-MONTH($F10)>=0,MOD((YEAR(O$3)-YEAR($F10))*12+MONTH(O$3)-MONTH($F10),$D10)=0),ROUND($E10*IF(EDATE($F10,(YEAR(O$3)-YEAR($F10))*12+MONTH(O$3)-MONTH($F10))<$G10,1,$I10),2),0)))) | P10: =IF($A10="","",IF($L10<>"","",IF($J10<>"Active",0,IF(AND((YEAR(P$3)-YEAR($F10))*12+MONTH(P$3)-MONTH($F10)>=0,MOD((YEAR(P$3)-YEAR($F10))*12+MONTH(P$3)-MONTH($F10),$D10)=0),ROUND($E10*IF(EDATE($F10,(YEAR(P$3)-YEAR($F10))*12+MONTH(P$3)-MONTH($F10))<$G10,1,$I10),2),0)))) | Q10: =IF($A10="","",IF($L10<>"","",IF($J10<>"Active",0,IF(AND((YEAR(Q$3)-YEAR($F10))*12+MONTH(Q$3)-MONTH($F10)>=0,MOD((YEAR(Q$3)-YEAR($F10))*12+MONTH(Q$3)-MONTH($F10),$D10)=0),ROUND($E10*IF(EDATE($F10,(YEAR(Q$3)-YEAR($F10))*12+MONTH(Q$3)-MONTH($F10))<$G10,1,$I10),2),0)))) | R10: =IF($A10="","",IF($L10<>"","",IF($J10<>"Active",0,IF(AND((YEAR(R$3)-YEAR($F10))*12+MONTH(R$3)-MONTH($F10)>=0,MOD((YEAR(R$3)-YEAR($F10))*12+MONTH(R$3)-MONTH($F10),$D10)=0),ROUND($E10*IF(EDATE($F10,(YEAR(R$3)-YEAR($F10))*12+MONTH(R$3)-MONTH($F10))<$G10,1,$I10),2),0)))) | S10: =IF($A10="","",IF($L10<>"","",IF($J10<>"Active",0,IF(AND((YEAR(S$3)-YEAR($F10))*12+MONTH(S$3)-MONTH($F10)>=0,MOD((YEAR(S$3)-YEAR($F10))*12+MONTH(S$3)-MONTH($F10),$D10)=0),ROUND($E10*IF(EDATE($F10,(YEAR(S$3)-YEAR($F10))*12+MONTH(S$3)-MONTH($F10))<$G10,1,$I10),2),0)))) | T10: =IF($A10="","",IF($L10<>"","",IF($J10<>"Active",0,IF(AND((YEAR(T$3)-YEAR($F10))*12+MONTH(T$3)-MONTH($F10)>=0,MOD((YEAR(T$3)-YEAR($F10))*12+MONTH(T$3)-MONTH($F10),$D10)=0),ROUND($E10*IF(EDATE($F10,(YEAR(T$3)-YEAR($F10))*12+MONTH(T$3)-MONTH($F10))<$G10,1,$I10),2),0)))) | ... X10: =IF($A10="","",IF($L10<>"","",IF($J10<>"Active",0,IF(AND((YEAR(X$3)-YEAR($F10))*12+MONTH(X$3)-MONTH($F10)>=0,MOD((YEAR(X$3)-YEAR($F10))*12+MONTH(X$3)-MONTH($F10),$D10)=0),ROUND($E10*IF(EDATE($F10,(YEAR(X$3)-YEAR($F10))*12+MONTH(X$3)-MONTH($F10))<$G10,1,$I10),2),0)))) | Y10: =IF($A10="","",IF($L10<>"","",IF($J10<>"Active",0,$E10*SUMPRODUCT(--(((YEAR($M$3:$X$3)-YEAR($F10))*12+MONTH($M$3:$X$3)-MONTH($F10))>=0),--(MOD((YEAR($M$3:$X$3)-YEAR($F10))*12+MONTH($M$3:$X$3)-MONTH($F10),$D10)=0))))) | Z10: =IF(A10="","",IF(L10<>"","",SUM(M10:X10))) | AA10: =IF(A10="","",IF(OR(Y10="",Z10=""),"",Y10-Z10))
A11: DEMO-RR-007 | B11: Fictional Account G | C11: Quarterly | D11: =IF(A11="","",IFERROR(VLOOKUP(C11,Assumptions!$A$12:$B$16,2,FALSE),"")) | E11: 500 | F11: 46366 | G11: 46356 | H11: 0.95 | I11: =IF(A11="","",IF(H11="",Assumptions!$B$5,H11)) | J11: On Hold | K11: =IF(A11="","",IF(OR(L11<>"",J11<>"Active"),"",IF(G11<Assumptions!$B$2,"Renewal overdue"&IF(I11<Assumptions!$B$7,", low retention",""),IF(G11<=Assumptions!$B$2+Assumptions!$B$6,"Renewal due soon"&IF(I11<Assumptions!$B$7,", low retention",""),IF(I11<Assumptions!$B$7,"Low retention",""))))) | L11: =IF(A11="","",IF(Assumptions!$B$8<>"Ready","Review assumptions",IF(COUNTIF($A$5:$A$104,A11)>1,"Duplicate contract ID",IF(OR(B11="",C11="",E11="",F11="",G11="",J11=""),"Missing required input",IF(D11="","Frequency not recognized",IF(OR(E11<=0,AND(H11<>"",OR(H11<0,H11>1))),"Check amount or retention",IF(OR(F11<Assumptions!$B$2,F11>EOMONTH(Assumptions!$B$3,11)),"Next service date is outside allowed range",""))))))) | M11: =IF($A11="","",IF($L11<>"","",IF($J11<>"Active",0,IF(AND((YEAR(M$3)-YEAR($F11))*12+MONTH(M$3)-MONTH($F11)>=0,MOD((YEAR(M$3)-YEAR($F11))*12+MONTH(M$3)-MONTH($F11),$D11)=0),ROUND($E11*IF(EDATE($F11,(YEAR(M$3)-YEAR($F11))*12+MONTH(M$3)-MONTH($F11))<$G11,1,$I11),2),0)))) | N11: =IF($A11="","",IF($L11<>"","",IF($J11<>"Active",0,IF(AND((YEAR(N$3)-YEAR($F11))*12+MONTH(N$3)-MONTH($F11)>=0,MOD((YEAR(N$3)-YEAR($F11))*12+MONTH(N$3)-MONTH($F11),$D11)=0),ROUND($E11*IF(EDATE($F11,(YEAR(N$3)-YEAR($F11))*12+MONTH(N$3)-MONTH($F11))<$G11,1,$I11),2),0)))) | O11: =IF($A11="","",IF($L11<>"","",IF($J11<>"Active",0,IF(AND((YEAR(O$3)-YEAR($F11))*12+MONTH(O$3)-MONTH($F11)>=0,MOD((YEAR(O$3)-YEAR($F11))*12+MONTH(O$3)-MONTH($F11),$D11)=0),ROUND($E11*IF(EDATE($F11,(YEAR(O$3)-YEAR($F11))*12+MONTH(O$3)-MONTH($F11))<$G11,1,$I11),2),0)))) | P11: =IF($A11="","",IF($L11<>"","",IF($J11<>"Active",0,IF(AND((YEAR(P$3)-YEAR($F11))*12+MONTH(P$3)-MONTH($F11)>=0,MOD((YEAR(P$3)-YEAR($F11))*12+MONTH(P$3)-MONTH($F11),$D11)=0),ROUND($E11*IF(EDATE($F11,(YEAR(P$3)-YEAR($F11))*12+MONTH(P$3)-MONTH($F11))<$G11,1,$I11),2),0)))) | Q11: =IF($A11="","",IF($L11<>"","",IF($J11<>"Active",0,IF(AND((YEAR(Q$3)-YEAR($F11))*12+MONTH(Q$3)-MONTH($F11)>=0,MOD((YEAR(Q$3)-YEAR($F11))*12+MONTH(Q$3)-MONTH($F11),$D11)=0),ROUND($E11*IF(EDATE($F11,(YEAR(Q$3)-YEAR($F11))*12+MONTH(Q$3)-MONTH($F11))<$G11,1,$I11),2),0)))) | R11: =IF($A11="","",IF($L11<>"","",IF($J11<>"Active",0,IF(AND((YEAR(R$3)-YEAR($F11))*12+MONTH(R$3)-MONTH($F11)>=0,MOD((YEAR(R$3)-YEAR($F11))*12+MONTH(R$3)-MONTH($F11),$D11)=0),ROUND($E11*IF(EDATE($F11,(YEAR(R$3)-YEAR($F11))*12+MONTH(R$3)-MONTH($F11))<$G11,1,$I11),2),0)))) | S11: =IF($A11="","",IF($L11<>"","",IF($J11<>"Active",0,IF(AND((YEAR(S$3)-YEAR($F11))*12+MONTH(S$3)-MONTH($F11)>=0,MOD((YEAR(S$3)-YEAR($F11))*12+MONTH(S$3)-MONTH($F11),$D11)=0),ROUND($E11*IF(EDATE($F11,(YEAR(S$3)-YEAR($F11))*12+MONTH(S$3)-MONTH($F11))<$G11,1,$I11),2),0)))) | T11: =IF($A11="","",IF($L11<>"","",IF($J11<>"Active",0,IF(AND((YEAR(T$3)-YEAR($F11))*12+MONTH(T$3)-MONTH($F11)>=0,MOD((YEAR(T$3)-YEAR($F11))*12+MONTH(T$3)-MONTH($F11),$D11)=0),ROUND($E11*IF(EDATE($F11,(YEAR(T$3)-YEAR($F11))*12+MONTH(T$3)-MONTH($F11))<$G11,1,$I11),2),0)))) | ... X11: =IF($A11="","",IF($L11<>"","",IF($J11<>"Active",0,IF(AND((YEAR(X$3)-YEAR($F11))*12+MONTH(X$3)-MONTH($F11)>=0,MOD((YEAR(X$3)-YEAR($F11))*12+MONTH(X$3)-MONTH($F11),$D11)=0),ROUND($E11*IF(EDATE($F11,(YEAR(X$3)-YEAR($F11))*12+MONTH(X$3)-MONTH($F11))<$G11,1,$I11),2),0)))) | Y11: =IF($A11="","",IF($L11<>"","",IF($J11<>"Active",0,$E11*SUMPRODUCT(--(((YEAR($M$3:$X$3)-YEAR($F11))*12+MONTH($M$3:$X$3)-MONTH($F11))>=0),--(MOD((YEAR($M$3:$X$3)-YEAR($F11))*12+MONTH($M$3:$X$3)-MONTH($F11),$D11)=0))))) | Z11: =IF(A11="","",IF(L11<>"","",SUM(M11:X11))) | AA11: =IF(A11="","",IF(OR(Y11="",Z11=""),"",Y11-Z11))
A12: DEMO-RR-008 | B12: Fictional Account H | C12: Every 2 Months | D12: =IF(A12="","",IFERROR(VLOOKUP(C12,Assumptions!$A$12:$B$16,2,FALSE),"")) | E12: 180 | F12: 46290 | G12: 46270 | H12: 0.5 | I12: =IF(A12="","",IF(H12="",Assumptions!$B$5,H12)) | J12: Active | K12: =IF(A12="","",IF(OR(L12<>"",J12<>"Active"),"",IF(G12<Assumptions!$B$2,"Renewal overdue"&IF(I12<Assumptions!$B$7,", low retention",""),IF(G12<=Assumptions!$B$2+Assumptions!$B$6,"Renewal due soon"&IF(I12<Assumptions!$B$7,", low retention",""),IF(I12<Assumptions!$B$7,"Low retention",""))))) | L12: =IF(A12="","",IF(Assumptions!$B$8<>"Ready","Review assumptions",IF(COUNTIF($A$5:$A$104,A12)>1,"Duplicate contract ID",IF(OR(B12="",C12="",E12="",F12="",G12="",J12=""),"Missing required input",IF(D12="","Frequency not recognized",IF(OR(E12<=0,AND(H12<>"",OR(H12<0,H12>1))),"Check amount or retention",IF(OR(F12<Assumptions!$B$2,F12>EOMONTH(Assumptions!$B$3,11)),"Next service date is outside allowed range",""))))))) | M12: =IF($A12="","",IF($L12<>"","",IF($J12<>"Active",0,IF(AND((YEAR(M$3)-YEAR($F12))*12+MONTH(M$3)-MONTH($F12)>=0,MOD((YEAR(M$3)-YEAR($F12))*12+MONTH(M$3)-MONTH($F12),$D12)=0),ROUND($E12*IF(EDATE($F12,(YEAR(M$3)-YEAR($F12))*12+MONTH(M$3)-MONTH($F12))<$G12,1,$I12),2),0)))) | N12: =IF($A12="","",IF($L12<>"","",IF($J12<>"Active",0,IF(AND((YEAR(N$3)-YEAR($F12))*12+MONTH(N$3)-MONTH($F12)>=0,MOD((YEAR(N$3)-YEAR($F12))*12+MONTH(N$3)-MONTH($F12),$D12)=0),ROUND($E12*IF(EDATE($F12,(YEAR(N$3)-YEAR($F12))*12+MONTH(N$3)-MONTH($F12))<$G12,1,$I12),2),0)))) | O12: =IF($A12="","",IF($L12<>"","",IF($J12<>"Active",0,IF(AND((YEAR(O$3)-YEAR($F12))*12+MONTH(O$3)-MONTH($F12)>=0,MOD((YEAR(O$3)-YEAR($F12))*12+MONTH(O$3)-MONTH($F12),$D12)=0),ROUND($E12*IF(EDATE($F12,(YEAR(O$3)-YEAR($F12))*12+MONTH(O$3)-MONTH($F12))<$G12,1,$I12),2),0)))) | P12: =IF($A12="","",IF($L12<>"","",IF($J12<>"Active",0,IF(AND((YEAR(P$3)-YEAR($F12))*12+MONTH(P$3)-MONTH($F12)>=0,MOD((YEAR(P$3)-YEAR($F12))*12+MONTH(P$3)-MONTH($F12),$D12)=0),ROUND($E12*IF(EDATE($F12,(YEAR(P$3)-YEAR($F12))*12+MONTH(P$3)-MONTH($F12))<$G12,1,$I12),2),0)))) | Q12: =IF($A12="","",IF($L12<>"","",IF($J12<>"Active",0,IF(AND((YEAR(Q$3)-YEAR($F12))*12+MONTH(Q$3)-MONTH($F12)>=0,MOD((YEAR(Q$3)-YEAR($F12))*12+MONTH(Q$3)-MONTH($F12),$D12)=0),ROUND($E12*IF(EDATE($F12,(YEAR(Q$3)-YEAR($F12))*12+MONTH(Q$3)-MONTH($F12))<$G12,1,$I12),2),0)))) | R12: =IF($A12="","",IF($L12<>"","",IF($J12<>"Active",0,IF(AND((YEAR(R$3)-YEAR($F12))*12+MONTH(R$3)-MONTH($F12)>=0,MOD((YEAR(R$3)-YEAR($F12))*12+MONTH(R$3)-MONTH($F12),$D12)=0),ROUND($E12*IF(EDATE($F12,(YEAR(R$3)-YEAR($F12))*12+MONTH(R$3)-MONTH($F12))<$G12,1,$I12),2),0)))) | S12: =IF($A12="","",IF($L12<>"","",IF($J12<>"Active",0,IF(AND((YEAR(S$3)-YEAR($F12))*12+MONTH(S$3)-MONTH($F12)>=0,MOD((YEAR(S$3)-YEAR($F12))*12+MONTH(S$3)-MONTH($F12),$D12)=0),ROUND($E12*IF(EDATE($F12,(YEAR(S$3)-YEAR($F12))*12+MONTH(S$3)-MONTH($F12))<$G12,1,$I12),2),0)))) | T12: =IF($A12="","",IF($L12<>"","",IF($J12<>"Active",0,IF(AND((YEAR(T$3)-YEAR($F12))*12+MONTH(T$3)-MONTH($F12)>=0,MOD((YEAR(T$3)-YEAR($F12))*12+MONTH(T$3)-MONTH($F12),$D12)=0),ROUND($E12*IF(EDATE($F12,(YEAR(T$3)-YEAR($F12))*12+MONTH(T$3)-MONTH($F12))<$G12,1,$I12),2),0)))) | ... X12: =IF($A12="","",IF($L12<>"","",IF($J12<>"Active",0,IF(AND((YEAR(X$3)-YEAR($F12))*12+MONTH(X$3)-MONTH($F12)>=0,MOD((YEAR(X$3)-YEAR($F12))*12+MONTH(X$3)-MONTH($F12),$D12)=0),ROUND($E12*IF(EDATE($F12,(YEAR(X$3)-YEAR($F12))*12+MONTH(X$3)-MONTH($F12))<$G12,1,$I12),2),0)))) | Y12: =IF($A12="","",IF($L12<>"","",IF($J12<>"Active",0,$E12*SUMPRODUCT(--(((YEAR($M$3:$X$3)-YEAR($F12))*12+MONTH($M$3:$X$3)-MONTH($F12))>=0),--(MOD((YEAR($M$3:$X$3)-YEAR($F12))*12+MONTH($M$3:$X$3)-MONTH($F12),$D12)=0))))) | Z12: =IF(A12="","",IF(L12<>"","",SUM(M12:X12))) | AA12: =IF(A12="","",IF(OR(Y12="",Z12=""),"",Y12-Z12))
A13: DEMO-RR-009 | B13: Fictional Account I | C13: Monthly | D13: =IF(A13="","",IFERROR(VLOOKUP(C13,Assumptions!$A$12:$B$16,2,FALSE),"")) | E13: 140 | F13: 46295 | G13: 46553 | I13: =IF(A13="","",IF(H13="",Assumptions!$B$5,H13)) | J13: Ended | K13: =IF(A13="","",IF(OR(L13<>"",J13<>"Active"),"",IF(G13<Assumptions!$B$2,"Renewal overdue"&IF(I13<Assumptions!$B$7,", low retention",""),IF(G13<=Assumptions!$B$2+Assumptions!$B$6,"Renewal due soon"&IF(I13<Assumptions!$B$7,", low retention",""),IF(I13<Assumptions!$B$7,"Low retention",""))))) | L13: =IF(A13="","",IF(Assumptions!$B$8<>"Ready","Review assumptions",IF(COUNTIF($A$5:$A$104,A13)>1,"Duplicate contract ID",IF(OR(B13="",C13="",E13="",F13="",G13="",J13=""),"Missing required input",IF(D13="","Frequency not recognized",IF(OR(E13<=0,AND(H13<>"",OR(H13<0,H13>1))),"Check amount or retention",IF(OR(F13<Assumptions!$B$2,F13>EOMONTH(Assumptions!$B$3,11)),"Next service date is outside allowed range",""))))))) | M13: =IF($A13="","",IF($L13<>"","",IF($J13<>"Active",0,IF(AND((YEAR(M$3)-YEAR($F13))*12+MONTH(M$3)-MONTH($F13)>=0,MOD((YEAR(M$3)-YEAR($F13))*12+MONTH(M$3)-MONTH($F13),$D13)=0),ROUND($E13*IF(EDATE($F13,(YEAR(M$3)-YEAR($F13))*12+MONTH(M$3)-MONTH($F13))<$G13,1,$I13),2),0)))) | N13: =IF($A13="","",IF($L13<>"","",IF($J13<>"Active",0,IF(AND((YEAR(N$3)-YEAR($F13))*12+MONTH(N$3)-MONTH($F13)>=0,MOD((YEAR(N$3)-YEAR($F13))*12+MONTH(N$3)-MONTH($F13),$D13)=0),ROUND($E13*IF(EDATE($F13,(YEAR(N$3)-YEAR($F13))*12+MONTH(N$3)-MONTH($F13))<$G13,1,$I13),2),0)))) | O13: =IF($A13="","",IF($L13<>"","",IF($J13<>"Active",0,IF(AND((YEAR(O$3)-YEAR($F13))*12+MONTH(O$3)-MONTH($F13)>=0,MOD((YEAR(O$3)-YEAR($F13))*12+MONTH(O$3)-MONTH($F13),$D13)=0),ROUND($E13*IF(EDATE($F13,(YEAR(O$3)-YEAR($F13))*12+MONTH(O$3)-MONTH($F13))<$G13,1,$I13),2),0)))) | P13: =IF($A13="","",IF($L13<>"","",IF($J13<>"Active",0,IF(AND((YEAR(P$3)-YEAR($F13))*12+MONTH(P$3)-MONTH($F13)>=0,MOD((YEAR(P$3)-YEAR($F13))*12+MONTH(P$3)-MONTH($F13),$D13)=0),ROUND($E13*IF(EDATE($F13,(YEAR(P$3)-YEAR($F13))*12+MONTH(P$3)-MONTH($F13))<$G13,1,$I13),2),0)))) | Q13: =IF($A13="","",IF($L13<>"","",IF($J13<>"Active",0,IF(AND((YEAR(Q$3)-YEAR($F13))*12+MONTH(Q$3)-MONTH($F13)>=0,MOD((YEAR(Q$3)-YEAR($F13))*12+MONTH(Q$3)-MONTH($F13),$D13)=0),ROUND($E13*IF(EDATE($F13,(YEAR(Q$3)-YEAR($F13))*12+MONTH(Q$3)-MONTH($F13))<$G13,1,$I13),2),0)))) | R13: =IF($A13="","",IF($L13<>"","",IF($J13<>"Active",0,IF(AND((YEAR(R$3)-YEAR($F13))*12+MONTH(R$3)-MONTH($F13)>=0,MOD((YEAR(R$3)-YEAR($F13))*12+MONTH(R$3)-MONTH($F13),$D13)=0),ROUND($E13*IF(EDATE($F13,(YEAR(R$3)-YEAR($F13))*12+MONTH(R$3)-MONTH($F13))<$G13,1,$I13),2),0)))) | S13: =IF($A13="","",IF($L13<>"","",IF($J13<>"Active",0,IF(AND((YEAR(S$3)-YEAR($F13))*12+MONTH(S$3)-MONTH($F13)>=0,MOD((YEAR(S$3)-YEAR($F13))*12+MONTH(S$3)-MONTH($F13),$D13)=0),ROUND($E13*IF(EDATE($F13,(YEAR(S$3)-YEAR($F13))*12+MONTH(S$3)-MONTH($F13))<$G13,1,$I13),2),0)))) | T13: =IF($A13="","",IF($L13<>"","",IF($J13<>"Active",0,IF(AND((YEAR(T$3)-YEAR($F13))*12+MONTH(T$3)-MONTH($F13)>=0,MOD((YEAR(T$3)-YEAR($F13))*12+MONTH(T$3)-MONTH($F13),$D13)=0),ROUND($E13*IF(EDATE($F13,(YEAR(T$3)-YEAR($F13))*12+MONTH(T$3)-MONTH($F13))<$G13,1,$I13),2),0)))) | ... X13: =IF($A13="","",IF($L13<>"","",IF($J13<>"Active",0,IF(AND((YEAR(X$3)-YEAR($F13))*12+MONTH(X$3)-MONTH($F13)>=0,MOD((YEAR(X$3)-YEAR($F13))*12+MONTH(X$3)-MONTH($F13),$D13)=0),ROUND($E13*IF(EDATE($F13,(YEAR(X$3)-YEAR($F13))*12+MONTH(X$3)-MONTH($F13))<$G13,1,$I13),2),0)))) | Y13: =IF($A13="","",IF($L13<>"","",IF($J13<>"Active",0,$E13*SUMPRODUCT(--(((YEAR($M$3:$X$3)-YEAR($F13))*12+MONTH($M$3:$X$3)-MONTH($F13))>=0),--(MOD((YEAR($M$3:$X$3)-YEAR($F13))*12+MONTH($M$3:$X$3)-MONTH($F13),$D13)=0))))) | Z13: =IF(A13="","",IF(L13<>"","",SUM(M13:X13))) | AA13: =IF(A13="","",IF(OR(Y13="",Z13=""),"",Y13-Z13))
A14: DEMO-RR-010 | B14: Fictional Account J | C14: Semiannual | D14: =IF(A14="","",IFERROR(VLOOKUP(C14,Assumptions!$A$12:$B$16,2,FALSE),"")) | E14: 800 | F14: 46614 | G14: 46600 | H14: 0.7 | I14: =IF(A14="","",IF(H14="",Assumptions!$B$5,H14)) | J14: Active | K14: =IF(A14="","",IF(OR(L14<>"",J14<>"Active"),"",IF(G14<Assumptions!$B$2,"Renewal overdue"&IF(I14<Assumptions!$B$7,", low retention",""),IF(G14<=Assumptions!$B$2+Assumptions!$B$6,"Renewal due soon"&IF(I14<Assumptions!$B$7,", low retention",""),IF(I14<Assumptions!$B$7,"Low retention",""))))) | L14: =IF(A14="","",IF(Assumptions!$B$8<>"Ready","Review assumptions",IF(COUNTIF($A$5:$A$104,A14)>1,"Duplicate contract ID",IF(OR(B14="",C14="",E14="",F14="",G14="",J14=""),"Missing required input",IF(D14="","Frequency not recognized",IF(OR(E14<=0,AND(H14<>"",OR(H14<0,H14>1))),"Check amount or retention",IF(OR(F14<Assumptions!$B$2,F14>EOMONTH(Assumptions!$B$3,11)),"Next service date is outside allowed range",""))))))) | M14: =IF($A14="","",IF($L14<>"","",IF($J14<>"Active",0,IF(AND((YEAR(M$3)-YEAR($F14))*12+MONTH(M$3)-MONTH($F14)>=0,MOD((YEAR(M$3)-YEAR($F14))*12+MONTH(M$3)-MONTH($F14),$D14)=0),ROUND($E14*IF(EDATE($F14,(YEAR(M$3)-YEAR($F14))*12+MONTH(M$3)-MONTH($F14))<$G14,1,$I14),2),0)))) | N14: =IF($A14="","",IF($L14<>"","",IF($J14<>"Active",0,IF(AND((YEAR(N$3)-YEAR($F14))*12+MONTH(N$3)-MONTH($F14)>=0,MOD((YEAR(N$3)-YEAR($F14))*12+MONTH(N$3)-MONTH($F14),$D14)=0),ROUND($E14*IF(EDATE($F14,(YEAR(N$3)-YEAR($F14))*12+MONTH(N$3)-MONTH($F14))<$G14,1,$I14),2),0)))) | O14: =IF($A14="","",IF($L14<>"","",IF($J14<>"Active",0,IF(AND((YEAR(O$3)-YEAR($F14))*12+MONTH(O$3)-MONTH($F14)>=0,MOD((YEAR(O$3)-YEAR($F14))*12+MONTH(O$3)-MONTH($F14),$D14)=0),ROUND($E14*IF(EDATE($F14,(YEAR(O$3)-YEAR($F14))*12+MONTH(O$3)-MONTH($F14))<$G14,1,$I14),2),0)))) | P14: =IF($A14="","",IF($L14<>"","",IF($J14<>"Active",0,IF(AND((YEAR(P$3)-YEAR($F14))*12+MONTH(P$3)-MONTH($F14)>=0,MOD((YEAR(P$3)-YEAR($F14))*12+MONTH(P$3)-MONTH($F14),$D14)=0),ROUND($E14*IF(EDATE($F14,(YEAR(P$3)-YEAR($F14))*12+MONTH(P$3)-MONTH($F14))<$G14,1,$I14),2),0)))) | Q14: =IF($A14="","",IF($L14<>"","",IF($J14<>"Active",0,IF(AND((YEAR(Q$3)-YEAR($F14))*12+MONTH(Q$3)-MONTH($F14)>=0,MOD((YEAR(Q$3)-YEAR($F14))*12+MONTH(Q$3)-MONTH($F14),$D14)=0),ROUND($E14*IF(EDATE($F14,(YEAR(Q$3)-YEAR($F14))*12+MONTH(Q$3)-MONTH($F14))<$G14,1,$I14),2),0)))) | R14: =IF($A14="","",IF($L14<>"","",IF($J14<>"Active",0,IF(AND((YEAR(R$3)-YEAR($F14))*12+MONTH(R$3)-MONTH($F14)>=0,MOD((YEAR(R$3)-YEAR($F14))*12+MONTH(R$3)-MONTH($F14),$D14)=0),ROUND($E14*IF(EDATE($F14,(YEAR(R$3)-YEAR($F14))*12+MONTH(R$3)-MONTH($F14))<$G14,1,$I14),2),0)))) | S14: =IF($A14="","",IF($L14<>"","",IF($J14<>"Active",0,IF(AND((YEAR(S$3)-YEAR($F14))*12+MONTH(S$3)-MONTH($F14)>=0,MOD((YEAR(S$3)-YEAR($F14))*12+MONTH(S$3)-MONTH($F14),$D14)=0),ROUND($E14*IF(EDATE($F14,(YEAR(S$3)-YEAR($F14))*12+MONTH(S$3)-MONTH($F14))<$G14,1,$I14),2),0)))) | T14: =IF($A14="","",IF($L14<>"","",IF($J14<>"Active",0,IF(AND((YEAR(T$3)-YEAR($F14))*12+MONTH(T$3)-MONTH($F14)>=0,MOD((YEAR(T$3)-YEAR($F14))*12+MONTH(T$3)-MONTH($F14),$D14)=0),ROUND($E14*IF(EDATE($F14,(YEAR(T$3)-YEAR($F14))*12+MONTH(T$3)-MONTH($F14))<$G14,1,$I14),2),0)))) | ... X14: =IF($A14="","",IF($L14<>"","",IF($J14<>"Active",0,IF(AND((YEAR(X$3)-YEAR($F14))*12+MONTH(X$3)-MONTH($F14)>=0,MOD((YEAR(X$3)-YEAR($F14))*12+MONTH(X$3)-MONTH($F14),$D14)=0),ROUND($E14*IF(EDATE($F14,(YEAR(X$3)-YEAR($F14))*12+MONTH(X$3)-MONTH($F14))<$G14,1,$I14),2),0)))) | Y14: =IF($A14="","",IF($L14<>"","",IF($J14<>"Active",0,$E14*SUMPRODUCT(--(((YEAR($M$3:$X$3)-YEAR($F14))*12+MONTH($M$3:$X$3)-MONTH($F14))>=0),--(MOD((YEAR($M$3:$X$3)-YEAR($F14))*12+MONTH($M$3:$X$3)-MONTH($F14),$D14)=0))))) | Z14: =IF(A14="","",IF(L14<>"","",SUM(M14:X14))) | AA14: =IF(A14="","",IF(OR(Y14="",Z14=""),"",Y14-Z14))
D15: =IF(A15="","",IFERROR(VLOOKUP(C15,Assumptions!$A$12:$B$16,2,FALSE),"")) | I15: =IF(A15="","",IF(H15="",Assumptions!$B$5,H15)) | K15: =IF(A15="","",IF(OR(L15<>"",J15<>"Active"),"",IF(G15<Assumptions!$B$2,"Renewal overdue"&IF(I15<Assumptions!$B$7,", low retention",""),IF(G15<=Assumptions!$B$2+Assumptions!$B$6,"Renewal due soon"&IF(I15<Assumptions!$B$7,", low retention",""),IF(I15<Assumptions!$B$7,"Low retention",""))))) | L15: =IF(A15="","",IF(Assumptions!$B$8<>"Ready","Review assumptions",IF(COUNTIF($A$5:$A$104,A15)>1,"Duplicate contract ID",IF(OR(B15="",C15="",E15="",F15="",G15="",J15=""),"Missing required input",IF(D15="","Frequency not recognized",IF(OR(E15<=0,AND(H15<>"",OR(H15<0,H15>1))),"Check amount or retention",IF(OR(F15<Assumptions!$B$2,F15>EOMONTH(Assumptions!$B$3,11)),"Next service date is outside allowed range",""))))))) | M15: =IF($A15="","",IF($L15<>"","",IF($J15<>"Active",0,IF(AND((YEAR(M$3)-YEAR($F15))*12+MONTH(M$3)-MONTH($F15)>=0,MOD((YEAR(M$3)-YEAR($F15))*12+MONTH(M$3)-MONTH($F15),$D15)=0),ROUND($E15*IF(EDATE($F15,(YEAR(M$3)-YEAR($F15))*12+MONTH(M$3)-MONTH($F15))<$G15,1,$I15),2),0)))) | N15: =IF($A15="","",IF($L15<>"","",IF($J15<>"Active",0,IF(AND((YEAR(N$3)-YEAR($F15))*12+MONTH(N$3)-MONTH($F15)>=0,MOD((YEAR(N$3)-YEAR($F15))*12+MONTH(N$3)-MONTH($F15),$D15)=0),ROUND($E15*IF(EDATE($F15,(YEAR(N$3)-YEAR($F15))*12+MONTH(N$3)-MONTH($F15))<$G15,1,$I15),2),0)))) | O15: =IF($A15="","",IF($L15<>"","",IF($J15<>"Active",0,IF(AND((YEAR(O$3)-YEAR($F15))*12+MONTH(O$3)-MONTH($F15)>=0,MOD((YEAR(O$3)-YEAR($F15))*12+MONTH(O$3)-MONTH($F15),$D15)=0),ROUND($E15*IF(EDATE($F15,(YEAR(O$3)-YEAR($F15))*12+MONTH(O$3)-MONTH($F15))<$G15,1,$I15),2),0)))) | P15: =IF($A15="","",IF($L15<>"","",IF($J15<>"Active",0,IF(AND((YEAR(P$3)-YEAR($F15))*12+MONTH(P$3)-MONTH($F15)>=0,MOD((YEAR(P$3)-YEAR($F15))*12+MONTH(P$3)-MONTH($F15),$D15)=0),ROUND($E15*IF(EDATE($F15,(YEAR(P$3)-YEAR($F15))*12+MONTH(P$3)-MONTH($F15))<$G15,1,$I15),2),0)))) | Q15: =IF($A15="","",IF($L15<>"","",IF($J15<>"Active",0,IF(AND((YEAR(Q$3)-YEAR($F15))*12+MONTH(Q$3)-MONTH($F15)>=0,MOD((YEAR(Q$3)-YEAR($F15))*12+MONTH(Q$3)-MONTH($F15),$D15)=0),ROUND($E15*IF(EDATE($F15,(YEAR(Q$3)-YEAR($F15))*12+MONTH(Q$3)-MONTH($F15))<$G15,1,$I15),2),0)))) | R15: =IF($A15="","",IF($L15<>"","",IF($J15<>"Active",0,IF(AND((YEAR(R$3)-YEAR($F15))*12+MONTH(R$3)-MONTH($F15)>=0,MOD((YEAR(R$3)-YEAR($F15))*12+MONTH(R$3)-MONTH($F15),$D15)=0),ROUND($E15*IF(EDATE($F15,(YEAR(R$3)-YEAR($F15))*12+MONTH(R$3)-MONTH($F15))<$G15,1,$I15),2),0)))) | S15: =IF($A15="","",IF($L15<>"","",IF($J15<>"Active",0,IF(AND((YEAR(S$3)-YEAR($F15))*12+MONTH(S$3)-MONTH($F15)>=0,MOD((YEAR(S$3)-YEAR($F15))*12+MONTH(S$3)-MONTH($F15),$D15)=0),ROUND($E15*IF(EDATE($F15,(YEAR(S$3)-YEAR($F15))*12+MONTH(S$3)-MONTH($F15))<$G15,1,$I15),2),0)))) | T15: =IF($A15="","",IF($L15<>"","",IF($J15<>"Active",0,IF(AND((YEAR(T$3)-YEAR($F15))*12+MONTH(T$3)-MONTH($F15)>=0,MOD((YEAR(T$3)-YEAR($F15))*12+MONTH(T$3)-MONTH($F15),$D15)=0),ROUND($E15*IF(EDATE($F15,(YEAR(T$3)-YEAR($F15))*12+MONTH(T$3)-MONTH($F15))<$G15,1,$I15),2),0)))) | ... X15: =IF($A15="","",IF($L15<>"","",IF($J15<>"Active",0,IF(AND((YEAR(X$3)-YEAR($F15))*12+MONTH(X$3)-MONTH($F15)>=0,MOD((YEAR(X$3)-YEAR($F15))*12+MONTH(X$3)-MONTH($F15),$D15)=0),ROUND($E15*IF(EDATE($F15,(YEAR(X$3)-YEAR($F15))*12+MONTH(X$3)-MONTH($F15))<$G15,1,$I15),2),0)))) | Y15: =IF($A15="","",IF($L15<>"","",IF($J15<>"Active",0,$E15*SUMPRODUCT(--(((YEAR($M$3:$X$3)-YEAR($F15))*12+MONTH($M$3:$X$3)-MONTH($F15))>=0),--(MOD((YEAR($M$3:$X$3)-YEAR($F15))*12+MONTH($M$3:$X$3)-MONTH($F15),$D15)=0))))) | Z15: =IF(A15="","",IF(L15<>"","",SUM(M15:X15))) | AA15: =IF(A15="","",IF(OR(Y15="",Z15=""),"",Y15-Z15))
D16: =IF(A16="","",IFERROR(VLOOKUP(C16,Assumptions!$A$12:$B$16,2,FALSE),"")) | I16: =IF(A16="","",IF(H16="",Assumptions!$B$5,H16)) | K16: =IF(A16="","",IF(OR(L16<>"",J16<>"Active"),"",IF(G16<Assumptions!$B$2,"Renewal overdue"&IF(I16<Assumptions!$B$7,", low retention",""),IF(G16<=Assumptions!$B$2+Assumptions!$B$6,"Renewal due soon"&IF(I16<Assumptions!$B$7,", low retention",""),IF(I16<Assumptions!$B$7,"Low retention",""))))) | L16: =IF(A16="","",IF(Assumptions!$B$8<>"Ready","Review assumptions",IF(COUNTIF($A$5:$A$104,A16)>1,"Duplicate contract ID",IF(OR(B16="",C16="",E16="",F16="",G16="",J16=""),"Missing required input",IF(D16="","Frequency not recognized",IF(OR(E16<=0,AND(H16<>"",OR(H16<0,H16>1))),"Check amount or retention",IF(OR(F16<Assumptions!$B$2,F16>EOMONTH(Assumptions!$B$3,11)),"Next service date is outside allowed range",""))))))) | M16: =IF($A16="","",IF($L16<>"","",IF($J16<>"Active",0,IF(AND((YEAR(M$3)-YEAR($F16))*12+MONTH(M$3)-MONTH($F16)>=0,MOD((YEAR(M$3)-YEAR($F16))*12+MONTH(M$3)-MONTH($F16),$D16)=0),ROUND($E16*IF(EDATE($F16,(YEAR(M$3)-YEAR($F16))*12+MONTH(M$3)-MONTH($F16))<$G16,1,$I16),2),0)))) | N16: =IF($A16="","",IF($L16<>"","",IF($J16<>"Active",0,IF(AND((YEAR(N$3)-YEAR($F16))*12+MONTH(N$3)-MONTH($F16)>=0,MOD((YEAR(N$3)-YEAR($F16))*12+MONTH(N$3)-MONTH($F16),$D16)=0),ROUND($E16*IF(EDATE($F16,(YEAR(N$3)-YEAR($F16))*12+MONTH(N$3)-MONTH($F16))<$G16,1,$I16),2),0)))) | O16: =IF($A16="","",IF($L16<>"","",IF($J16<>"Active",0,IF(AND((YEAR(O$3)-YEAR($F16))*12+MONTH(O$3)-MONTH($F16)>=0,MOD((YEAR(O$3)-YEAR($F16))*12+MONTH(O$3)-MONTH($F16),$D16)=0),ROUND($E16*IF(EDATE($F16,(YEAR(O$3)-YEAR($F16))*12+MONTH(O$3)-MONTH($F16))<$G16,1,$I16),2),0)))) | P16: =IF($A16="","",IF($L16<>"","",IF($J16<>"Active",0,IF(AND((YEAR(P$3)-YEAR($F16))*12+MONTH(P$3)-MONTH($F16)>=0,MOD((YEAR(P$3)-YEAR($F16))*12+MONTH(P$3)-MONTH($F16),$D16)=0),ROUND($E16*IF(EDATE($F16,(YEAR(P$3)-YEAR($F16))*12+MONTH(P$3)-MONTH($F16))<$G16,1,$I16),2),0)))) | Q16: =IF($A16="","",IF($L16<>"","",IF($J16<>"Active",0,IF(AND((YEAR(Q$3)-YEAR($F16))*12+MONTH(Q$3)-MONTH($F16)>=0,MOD((YEAR(Q$3)-YEAR($F16))*12+MONTH(Q$3)-MONTH($F16),$D16)=0),ROUND($E16*IF(EDATE($F16,(YEAR(Q$3)-YEAR($F16))*12+MONTH(Q$3)-MONTH($F16))<$G16,1,$I16),2),0)))) | R16: =IF($A16="","",IF($L16<>"","",IF($J16<>"Active",0,IF(AND((YEAR(R$3)-YEAR($F16))*12+MONTH(R$3)-MONTH($F16)>=0,MOD((YEAR(R$3)-YEAR($F16))*12+MONTH(R$3)-MONTH($F16),$D16)=0),ROUND($E16*IF(EDATE($F16,(YEAR(R$3)-YEAR($F16))*12+MONTH(R$3)-MONTH($F16))<$G16,1,$I16),2),0)))) | S16: =IF($A16="","",IF($L16<>"","",IF($J16<>"Active",0,IF(AND((YEAR(S$3)-YEAR($F16))*12+MONTH(S$3)-MONTH($F16)>=0,MOD((YEAR(S$3)-YEAR($F16))*12+MONTH(S$3)-MONTH($F16),$D16)=0),ROUND($E16*IF(EDATE($F16,(YEAR(S$3)-YEAR($F16))*12+MONTH(S$3)-MONTH($F16))<$G16,1,$I16),2),0)))) | T16: =IF($A16="","",IF($L16<>"","",IF($J16<>"Active",0,IF(AND((YEAR(T$3)-YEAR($F16))*12+MONTH(T$3)-MONTH($F16)>=0,MOD((YEAR(T$3)-YEAR($F16))*12+MONTH(T$3)-MONTH($F16),$D16)=0),ROUND($E16*IF(EDATE($F16,(YEAR(T$3)-YEAR($F16))*12+MONTH(T$3)-MONTH($F16))<$G16,1,$I16),2),0)))) | ... X16: =IF($A16="","",IF($L16<>"","",IF($J16<>"Active",0,IF(AND((YEAR(X$3)-YEAR($F16))*12+MONTH(X$3)-MONTH($F16)>=0,MOD((YEAR(X$3)-YEAR($F16))*12+MONTH(X$3)-MONTH($F16),$D16)=0),ROUND($E16*IF(EDATE($F16,(YEAR(X$3)-YEAR($F16))*12+MONTH(X$3)-MONTH($F16))<$G16,1,$I16),2),0)))) | Y16: =IF($A16="","",IF($L16<>"","",IF($J16<>"Active",0,$E16*SUMPRODUCT(--(((YEAR($M$3:$X$3)-YEAR($F16))*12+MONTH($M$3:$X$3)-MONTH($F16))>=0),--(MOD((YEAR($M$3:$X$3)-YEAR($F16))*12+MONTH($M$3:$X$3)-MONTH($F16),$D16)=0))))) | Z16: =IF(A16="","",IF(L16<>"","",SUM(M16:X16))) | AA16: =IF(A16="","",IF(OR(Y16="",Z16=""),"",Y16-Z16))
D17: =IF(A17="","",IFERROR(VLOOKUP(C17,Assumptions!$A$12:$B$16,2,FALSE),"")) | I17: =IF(A17="","",IF(H17="",Assumptions!$B$5,H17)) | K17: =IF(A17="","",IF(OR(L17<>"",J17<>"Active"),"",IF(G17<Assumptions!$B$2,"Renewal overdue"&IF(I17<Assumptions!$B$7,", low retention",""),IF(G17<=Assumptions!$B$2+Assumptions!$B$6,"Renewal due soon"&IF(I17<Assumptions!$B$7,", low retention",""),IF(I17<Assumptions!$B$7,"Low retention",""))))) | L17: =IF(A17="","",IF(Assumptions!$B$8<>"Ready","Review assumptions",IF(COUNTIF($A$5:$A$104,A17)>1,"Duplicate contract ID",IF(OR(B17="",C17="",E17="",F17="",G17="",J17=""),"Missing required input",IF(D17="","Frequency not recognized",IF(OR(E17<=0,AND(H17<>"",OR(H17<0,H17>1))),"Check amount or retention",IF(OR(F17<Assumptions!$B$2,F17>EOMONTH(Assumptions!$B$3,11)),"Next service date is outside allowed range",""))))))) | M17: =IF($A17="","",IF($L17<>"","",IF($J17<>"Active",0,IF(AND((YEAR(M$3)-YEAR($F17))*12+MONTH(M$3)-MONTH($F17)>=0,MOD((YEAR(M$3)-YEAR($F17))*12+MONTH(M$3)-MONTH($F17),$D17)=0),ROUND($E17*IF(EDATE($F17,(YEAR(M$3)-YEAR($F17))*12+MONTH(M$3)-MONTH($F17))<$G17,1,$I17),2),0)))) | N17: =IF($A17="","",IF($L17<>"","",IF($J17<>"Active",0,IF(AND((YEAR(N$3)-YEAR($F17))*12+MONTH(N$3)-MONTH($F17)>=0,MOD((YEAR(N$3)-YEAR($F17))*12+MONTH(N$3)-MONTH($F17),$D17)=0),ROUND($E17*IF(EDATE($F17,(YEAR(N$3)-YEAR($F17))*12+MONTH(N$3)-MONTH($F17))<$G17,1,$I17),2),0)))) | O17: =IF($A17="","",IF($L17<>"","",IF($J17<>"Active",0,IF(AND((YEAR(O$3)-YEAR($F17))*12+MONTH(O$3)-MONTH($F17)>=0,MOD((YEAR(O$3)-YEAR($F17))*12+MONTH(O$3)-MONTH($F17),$D17)=0),ROUND($E17*IF(EDATE($F17,(YEAR(O$3)-YEAR($F17))*12+MONTH(O$3)-MONTH($F17))<$G17,1,$I17),2),0)))) | P17: =IF($A17="","",IF($L17<>"","",IF($J17<>"Active",0,IF(AND((YEAR(P$3)-YEAR($F17))*12+MONTH(P$3)-MONTH($F17)>=0,MOD((YEAR(P$3)-YEAR($F17))*12+MONTH(P$3)-MONTH($F17),$D17)=0),ROUND($E17*IF(EDATE($F17,(YEAR(P$3)-YEAR($F17))*12+MONTH(P$3)-MONTH($F17))<$G17,1,$I17),2),0)))) | Q17: =IF($A17="","",IF($L17<>"","",IF($J17<>"Active",0,IF(AND((YEAR(Q$3)-YEAR($F17))*12+MONTH(Q$3)-MONTH($F17)>=0,MOD((YEAR(Q$3)-YEAR($F17))*12+MONTH(Q$3)-MONTH($F17),$D17)=0),ROUND($E17*IF(EDATE($F17,(YEAR(Q$3)-YEAR($F17))*12+MONTH(Q$3)-MONTH($F17))<$G17,1,$I17),2),0)))) | R17: =IF($A17="","",IF($L17<>"","",IF($J17<>"Active",0,IF(AND((YEAR(R$3)-YEAR($F17))*12+MONTH(R$3)-MONTH($F17)>=0,MOD((YEAR(R$3)-YEAR($F17))*12+MONTH(R$3)-MONTH($F17),$D17)=0),ROUND($E17*IF(EDATE($F17,(YEAR(R$3)-YEAR($F17))*12+MONTH(R$3)-MONTH($F17))<$G17,1,$I17),2),0)))) | S17: =IF($A17="","",IF($L17<>"","",IF($J17<>"Active",0,IF(AND((YEAR(S$3)-YEAR($F17))*12+MONTH(S$3)-MONTH($F17)>=0,MOD((YEAR(S$3)-YEAR($F17))*12+MONTH(S$3)-MONTH($F17),$D17)=0),ROUND($E17*IF(EDATE($F17,(YEAR(S$3)-YEAR($F17))*12+MONTH(S$3)-MONTH($F17))<$G17,1,$I17),2),0)))) | T17: =IF($A17="","",IF($L17<>"","",IF($J17<>"Active",0,IF(AND((YEAR(T$3)-YEAR($F17))*12+MONTH(T$3)-MONTH($F17)>=0,MOD((YEAR(T$3)-YEAR($F17))*12+MONTH(T$3)-MONTH($F17),$D17)=0),ROUND($E17*IF(EDATE($F17,(YEAR(T$3)-YEAR($F17))*12+MONTH(T$3)-MONTH($F17))<$G17,1,$I17),2),0)))) | ... X17: =IF($A17="","",IF($L17<>"","",IF($J17<>"Active",0,IF(AND((YEAR(X$3)-YEAR($F17))*12+MONTH(X$3)-MONTH($F17)>=0,MOD((YEAR(X$3)-YEAR($F17))*12+MONTH(X$3)-MONTH($F17),$D17)=0),ROUND($E17*IF(EDATE($F17,(YEAR(X$3)-YEAR($F17))*12+MONTH(X$3)-MONTH($F17))<$G17,1,$I17),2),0)))) | Y17: =IF($A17="","",IF($L17<>"","",IF($J17<>"Active",0,$E17*SUMPRODUCT(--(((YEAR($M$3:$X$3)-YEAR($F17))*12+MONTH($M$3:$X$3)-MONTH($F17))>=0),--(MOD((YEAR($M$3:$X$3)-YEAR($F17))*12+MONTH($M$3:$X$3)-MONTH($F17),$D17)=0))))) | Z17: =IF(A17="","",IF(L17<>"","",SUM(M17:X17))) | AA17: =IF(A17="","",IF(OR(Y17="",Z17=""),"",Y17-Z17))
D18: =IF(A18="","",IFERROR(VLOOKUP(C18,Assumptions!$A$12:$B$16,2,FALSE),"")) | I18: =IF(A18="","",IF(H18="",Assumptions!$B$5,H18)) | K18: =IF(A18="","",IF(OR(L18<>"",J18<>"Active"),"",IF(G18<Assumptions!$B$2,"Renewal overdue"&IF(I18<Assumptions!$B$7,", low retention",""),IF(G18<=Assumptions!$B$2+Assumptions!$B$6,"Renewal due soon"&IF(I18<Assumptions!$B$7,", low retention",""),IF(I18<Assumptions!$B$7,"Low retention",""))))) | L18: =IF(A18="","",IF(Assumptions!$B$8<>"Ready","Review assumptions",IF(COUNTIF($A$5:$A$104,A18)>1,"Duplicate contract ID",IF(OR(B18="",C18="",E18="",F18="",G18="",J18=""),"Missing required input",IF(D18="","Frequency not recognized",IF(OR(E18<=0,AND(H18<>"",OR(H18<0,H18>1))),"Check amount or retention",IF(OR(F18<Assumptions!$B$2,F18>EOMONTH(Assumptions!$B$3,11)),"Next service date is outside allowed range",""))))))) | M18: =IF($A18="","",IF($L18<>"","",IF($J18<>"Active",0,IF(AND((YEAR(M$3)-YEAR($F18))*12+MONTH(M$3)-MONTH($F18)>=0,MOD((YEAR(M$3)-YEAR($F18))*12+MONTH(M$3)-MONTH($F18),$D18)=0),ROUND($E18*IF(EDATE($F18,(YEAR(M$3)-YEAR($F18))*12+MONTH(M$3)-MONTH($F18))<$G18,1,$I18),2),0)))) | N18: =IF($A18="","",IF($L18<>"","",IF($J18<>"Active",0,IF(AND((YEAR(N$3)-YEAR($F18))*12+MONTH(N$3)-MONTH($F18)>=0,MOD((YEAR(N$3)-YEAR($F18))*12+MONTH(N$3)-MONTH($F18),$D18)=0),ROUND($E18*IF(EDATE($F18,(YEAR(N$3)-YEAR($F18))*12+MONTH(N$3)-MONTH($F18))<$G18,1,$I18),2),0)))) | O18: =IF($A18="","",IF($L18<>"","",IF($J18<>"Active",0,IF(AND((YEAR(O$3)-YEAR($F18))*12+MONTH(O$3)-MONTH($F18)>=0,MOD((YEAR(O$3)-YEAR($F18))*12+MONTH(O$3)-MONTH($F18),$D18)=0),ROUND($E18*IF(EDATE($F18,(YEAR(O$3)-YEAR($F18))*12+MONTH(O$3)-MONTH($F18))<$G18,1,$I18),2),0)))) | P18: =IF($A18="","",IF($L18<>"","",IF($J18<>"Active",0,IF(AND((YEAR(P$3)-YEAR($F18))*12+MONTH(P$3)-MONTH($F18)>=0,MOD((YEAR(P$3)-YEAR($F18))*12+MONTH(P$3)-MONTH($F18),$D18)=0),ROUND($E18*IF(EDATE($F18,(YEAR(P$3)-YEAR($F18))*12+MONTH(P$3)-MONTH($F18))<$G18,1,$I18),2),0)))) | Q18: =IF($A18="","",IF($L18<>"","",IF($J18<>"Active",0,IF(AND((YEAR(Q$3)-YEAR($F18))*12+MONTH(Q$3)-MONTH($F18)>=0,MOD((YEAR(Q$3)-YEAR($F18))*12+MONTH(Q$3)-MONTH($F18),$D18)=0),ROUND($E18*IF(EDATE($F18,(YEAR(Q$3)-YEAR($F18))*12+MONTH(Q$3)-MONTH($F18))<$G18,1,$I18),2),0)))) | R18: =IF($A18="","",IF($L18<>"","",IF($J18<>"Active",0,IF(AND((YEAR(R$3)-YEAR($F18))*12+MONTH(R$3)-MONTH($F18)>=0,MOD((YEAR(R$3)-YEAR($F18))*12+MONTH(R$3)-MONTH($F18),$D18)=0),ROUND($E18*IF(EDATE($F18,(YEAR(R$3)-YEAR($F18))*12+MONTH(R$3)-MONTH($F18))<$G18,1,$I18),2),0)))) | S18: =IF($A18="","",IF($L18<>"","",IF($J18<>"Active",0,IF(AND((YEAR(S$3)-YEAR($F18))*12+MONTH(S$3)-MONTH($F18)>=0,MOD((YEAR(S$3)-YEAR($F18))*12+MONTH(S$3)-MONTH($F18),$D18)=0),ROUND($E18*IF(EDATE($F18,(YEAR(S$3)-YEAR($F18))*12+MONTH(S$3)-MONTH($F18))<$G18,1,$I18),2),0)))) | T18: =IF($A18="","",IF($L18<>"","",IF($J18<>"Active",0,IF(AND((YEAR(T$3)-YEAR($F18))*12+MONTH(T$3)-MONTH($F18)>=0,MOD((YEAR(T$3)-YEAR($F18))*12+MONTH(T$3)-MONTH($F18),$D18)=0),ROUND($E18*IF(EDATE($F18,(YEAR(T$3)-YEAR($F18))*12+MONTH(T$3)-MONTH($F18))<$G18,1,$I18),2),0)))) | ... X18: =IF($A18="","",IF($L18<>"","",IF($J18<>"Active",0,IF(AND((YEAR(X$3)-YEAR($F18))*12+MONTH(X$3)-MONTH($F18)>=0,MOD((YEAR(X$3)-YEAR($F18))*12+MONTH(X$3)-MONTH($F18),$D18)=0),ROUND($E18*IF(EDATE($F18,(YEAR(X$3)-YEAR($F18))*12+MONTH(X$3)-MONTH($F18))<$G18,1,$I18),2),0)))) | Y18: =IF($A18="","",IF($L18<>"","",IF($J18<>"Active",0,$E18*SUMPRODUCT(--(((YEAR($M$3:$X$3)-YEAR($F18))*12+MONTH($M$3:$X$3)-MONTH($F18))>=0),--(MOD((YEAR($M$3:$X$3)-YEAR($F18))*12+MONTH($M$3:$X$3)-MONTH($F18),$D18)=0))))) | Z18: =IF(A18="","",IF(L18<>"","",SUM(M18:X18))) | AA18: =IF(A18="","",IF(OR(Y18="",Z18=""),"",Y18-Z18))
D19: =IF(A19="","",IFERROR(VLOOKUP(C19,Assumptions!$A$12:$B$16,2,FALSE),"")) | I19: =IF(A19="","",IF(H19="",Assumptions!$B$5,H19)) | K19: =IF(A19="","",IF(OR(L19<>"",J19<>"Active"),"",IF(G19<Assumptions!$B$2,"Renewal overdue"&IF(I19<Assumptions!$B$7,", low retention",""),IF(G19<=Assumptions!$B$2+Assumptions!$B$6,"Renewal due soon"&IF(I19<Assumptions!$B$7,", low retention",""),IF(I19<Assumptions!$B$7,"Low retention",""))))) | L19: =IF(A19="","",IF(Assumptions!$B$8<>"Ready","Review assumptions",IF(COUNTIF($A$5:$A$104,A19)>1,"Duplicate contract ID",IF(OR(B19="",C19="",E19="",F19="",G19="",J19=""),"Missing required input",IF(D19="","Frequency not recognized",IF(OR(E19<=0,AND(H19<>"",OR(H19<0,H19>1))),"Check amount or retention",IF(OR(F19<Assumptions!$B$2,F19>EOMONTH(Assumptions!$B$3,11)),"Next service date is outside allowed range",""))))))) | M19: =IF($A19="","",IF($L19<>"","",IF($J19<>"Active",0,IF(AND((YEAR(M$3)-YEAR($F19))*12+MONTH(M$3)-MONTH($F19)>=0,MOD((YEAR(M$3)-YEAR($F19))*12+MONTH(M$3)-MONTH($F19),$D19)=0),ROUND($E19*IF(EDATE($F19,(YEAR(M$3)-YEAR($F19))*12+MONTH(M$3)-MONTH($F19))<$G19,1,$I19),2),0)))) | N19: =IF($A19="","",IF($L19<>"","",IF($J19<>"Active",0,IF(AND((YEAR(N$3)-YEAR($F19))*12+MONTH(N$3)-MONTH($F19)>=0,MOD((YEAR(N$3)-YEAR($F19))*12+MONTH(N$3)-MONTH($F19),$D19)=0),ROUND($E19*IF(EDATE($F19,(YEAR(N$3)-YEAR($F19))*12+MONTH(N$3)-MONTH($F19))<$G19,1,$I19),2),0)))) | O19: =IF($A19="","",IF($L19<>"","",IF($J19<>"Active",0,IF(AND((YEAR(O$3)-YEAR($F19))*12+MONTH(O$3)-MONTH($F19)>=0,MOD((YEAR(O$3)-YEAR($F19))*12+MONTH(O$3)-MONTH($F19),$D19)=0),ROUND($E19*IF(EDATE($F19,(YEAR(O$3)-YEAR($F19))*12+MONTH(O$3)-MONTH($F19))<$G19,1,$I19),2),0)))) | P19: =IF($A19="","",IF($L19<>"","",IF($J19<>"Active",0,IF(AND((YEAR(P$3)-YEAR($F19))*12+MONTH(P$3)-MONTH($F19)>=0,MOD((YEAR(P$3)-YEAR($F19))*12+MONTH(P$3)-MONTH($F19),$D19)=0),ROUND($E19*IF(EDATE($F19,(YEAR(P$3)-YEAR($F19))*12+MONTH(P$3)-MONTH($F19))<$G19,1,$I19),2),0)))) | Q19: =IF($A19="","",IF($L19<>"","",IF($J19<>"Active",0,IF(AND((YEAR(Q$3)-YEAR($F19))*12+MONTH(Q$3)-MONTH($F19)>=0,MOD((YEAR(Q$3)-YEAR($F19))*12+MONTH(Q$3)-MONTH($F19),$D19)=0),ROUND($E19*IF(EDATE($F19,(YEAR(Q$3)-YEAR($F19))*12+MONTH(Q$3)-MONTH($F19))<$G19,1,$I19),2),0)))) | R19: =IF($A19="","",IF($L19<>"","",IF($J19<>"Active",0,IF(AND((YEAR(R$3)-YEAR($F19))*12+MONTH(R$3)-MONTH($F19)>=0,MOD((YEAR(R$3)-YEAR($F19))*12+MONTH(R$3)-MONTH($F19),$D19)=0),ROUND($E19*IF(EDATE($F19,(YEAR(R$3)-YEAR($F19))*12+MONTH(R$3)-MONTH($F19))<$G19,1,$I19),2),0)))) | S19: =IF($A19="","",IF($L19<>"","",IF($J19<>"Active",0,IF(AND((YEAR(S$3)-YEAR($F19))*12+MONTH(S$3)-MONTH($F19)>=0,MOD((YEAR(S$3)-YEAR($F19))*12+MONTH(S$3)-MONTH($F19),$D19)=0),ROUND($E19*IF(EDATE($F19,(YEAR(S$3)-YEAR($F19))*12+MONTH(S$3)-MONTH($F19))<$G19,1,$I19),2),0)))) | T19: =IF($A19="","",IF($L19<>"","",IF($J19<>"Active",0,IF(AND((YEAR(T$3)-YEAR($F19))*12+MONTH(T$3)-MONTH($F19)>=0,MOD((YEAR(T$3)-YEAR($F19))*12+MONTH(T$3)-MONTH($F19),$D19)=0),ROUND($E19*IF(EDATE($F19,(YEAR(T$3)-YEAR($F19))*12+MONTH(T$3)-MONTH($F19))<$G19,1,$I19),2),0)))) | ... X19: =IF($A19="","",IF($L19<>"","",IF($J19<>"Active",0,IF(AND((YEAR(X$3)-YEAR($F19))*12+MONTH(X$3)-MONTH($F19)>=0,MOD((YEAR(X$3)-YEAR($F19))*12+MONTH(X$3)-MONTH($F19),$D19)=0),ROUND($E19*IF(EDATE($F19,(YEAR(X$3)-YEAR($F19))*12+MONTH(X$3)-MONTH($F19))<$G19,1,$I19),2),0)))) | Y19: =IF($A19="","",IF($L19<>"","",IF($J19<>"Active",0,$E19*SUMPRODUCT(--(((YEAR($M$3:$X$3)-YEAR($F19))*12+MONTH($M$3:$X$3)-MONTH($F19))>=0),--(MOD((YEAR($M$3:$X$3)-YEAR($F19))*12+MONTH($M$3:$X$3)-MONTH($F19),$D19)=0))))) | Z19: =IF(A19="","",IF(L19<>"","",SUM(M19:X19))) | AA19: =IF(A19="","",IF(OR(Y19="",Z19=""),"",Y19-Z19))
D20: =IF(A20="","",IFERROR(VLOOKUP(C20,Assumptions!$A$12:$B$16,2,FALSE),"")) | I20: =IF(A20="","",IF(H20="",Assumptions!$B$5,H20)) | K20: =IF(A20="","",IF(OR(L20<>"",J20<>"Active"),"",IF(G20<Assumptions!$B$2,"Renewal overdue"&IF(I20<Assumptions!$B$7,", low retention",""),IF(G20<=Assumptions!$B$2+Assumptions!$B$6,"Renewal due soon"&IF(I20<Assumptions!$B$7,", low retention",""),IF(I20<Assumptions!$B$7,"Low retention",""))))) | L20: =IF(A20="","",IF(Assumptions!$B$8<>"Ready","Review assumptions",IF(COUNTIF($A$5:$A$104,A20)>1,"Duplicate contract ID",IF(OR(B20="",C20="",E20="",F20="",G20="",J20=""),"Missing required input",IF(D20="","Frequency not recognized",IF(OR(E20<=0,AND(H20<>"",OR(H20<0,H20>1))),"Check amount or retention",IF(OR(F20<Assumptions!$B$2,F20>EOMONTH(Assumptions!$B$3,11)),"Next service date is outside allowed range",""))))))) | M20: =IF($A20="","",IF($L20<>"","",IF($J20<>"Active",0,IF(AND((YEAR(M$3)-YEAR($F20))*12+MONTH(M$3)-MONTH($F20)>=0,MOD((YEAR(M$3)-YEAR($F20))*12+MONTH(M$3)-MONTH($F20),$D20)=0),ROUND($E20*IF(EDATE($F20,(YEAR(M$3)-YEAR($F20))*12+MONTH(M$3)-MONTH($F20))<$G20,1,$I20),2),0)))) | N20: =IF($A20="","",IF($L20<>"","",IF($J20<>"Active",0,IF(AND((YEAR(N$3)-YEAR($F20))*12+MONTH(N$3)-MONTH($F20)>=0,MOD((YEAR(N$3)-YEAR($F20))*12+MONTH(N$3)-MONTH($F20),$D20)=0),ROUND($E20*IF(EDATE($F20,(YEAR(N$3)-YEAR($F20))*12+MONTH(N$3)-MONTH($F20))<$G20,1,$I20),2),0)))) | O20: =IF($A20="","",IF($L20<>"","",IF($J20<>"Active",0,IF(AND((YEAR(O$3)-YEAR($F20))*12+MONTH(O$3)-MONTH($F20)>=0,MOD((YEAR(O$3)-YEAR($F20))*12+MONTH(O$3)-MONTH($F20),$D20)=0),ROUND($E20*IF(EDATE($F20,(YEAR(O$3)-YEAR($F20))*12+MONTH(O$3)-MONTH($F20))<$G20,1,$I20),2),0)))) | P20: =IF($A20="","",IF($L20<>"","",IF($J20<>"Active",0,IF(AND((YEAR(P$3)-YEAR($F20))*12+MONTH(P$3)-MONTH($F20)>=0,MOD((YEAR(P$3)-YEAR($F20))*12+MONTH(P$3)-MONTH($F20),$D20)=0),ROUND($E20*IF(EDATE($F20,(YEAR(P$3)-YEAR($F20))*12+MONTH(P$3)-MONTH($F20))<$G20,1,$I20),2),0)))) | Q20: =IF($A20="","",IF($L20<>"","",IF($J20<>"Active",0,IF(AND((YEAR(Q$3)-YEAR($F20))*12+MONTH(Q$3)-MONTH($F20)>=0,MOD((YEAR(Q$3)-YEAR($F20))*12+MONTH(Q$3)-MONTH($F20),$D20)=0),ROUND($E20*IF(EDATE($F20,(YEAR(Q$3)-YEAR($F20))*12+MONTH(Q$3)-MONTH($F20))<$G20,1,$I20),2),0)))) | R20: =IF($A20="","",IF($L20<>"","",IF($J20<>"Active",0,IF(AND((YEAR(R$3)-YEAR($F20))*12+MONTH(R$3)-MONTH($F20)>=0,MOD((YEAR(R$3)-YEAR($F20))*12+MONTH(R$3)-MONTH($F20),$D20)=0),ROUND($E20*IF(EDATE($F20,(YEAR(R$3)-YEAR($F20))*12+MONTH(R$3)-MONTH($F20))<$G20,1,$I20),2),0)))) | S20: =IF($A20="","",IF($L20<>"","",IF($J20<>"Active",0,IF(AND((YEAR(S$3)-YEAR($F20))*12+MONTH(S$3)-MONTH($F20)>=0,MOD((YEAR(S$3)-YEAR($F20))*12+MONTH(S$3)-MONTH($F20),$D20)=0),ROUND($E20*IF(EDATE($F20,(YEAR(S$3)-YEAR($F20))*12+MONTH(S$3)-MONTH($F20))<$G20,1,$I20),2),0)))) | T20: =IF($A20="","",IF($L20<>"","",IF($J20<>"Active",0,IF(AND((YEAR(T$3)-YEAR($F20))*12+MONTH(T$3)-MONTH($F20)>=0,MOD((YEAR(T$3)-YEAR($F20))*12+MONTH(T$3)-MONTH($F20),$D20)=0),ROUND($E20*IF(EDATE($F20,(YEAR(T$3)-YEAR($F20))*12+MONTH(T$3)-MONTH($F20))<$G20,1,$I20),2),0)))) | ... X20: =IF($A20="","",IF($L20<>"","",IF($J20<>"Active",0,IF(AND((YEAR(X$3)-YEAR($F20))*12+MONTH(X$3)-MONTH($F20)>=0,MOD((YEAR(X$3)-YEAR($F20))*12+MONTH(X$3)-MONTH($F20),$D20)=0),ROUND($E20*IF(EDATE($F20,(YEAR(X$3)-YEAR($F20))*12+MONTH(X$3)-MONTH($F20))<$G20,1,$I20),2),0)))) | Y20: =IF($A20="","",IF($L20<>"","",IF($J20<>"Active",0,$E20*SUMPRODUCT(--(((YEAR($M$3:$X$3)-YEAR($F20))*12+MONTH($M$3:$X$3)-MONTH($F20))>=0),--(MOD((YEAR($M$3:$X$3)-YEAR($F20))*12+MONTH($M$3:$X$3)-MONTH($F20),$D20)=0))))) | Z20: =IF(A20="","",IF(L20<>"","",SUM(M20:X20))) | AA20: =IF(A20="","",IF(OR(Y20="",Z20=""),"",Y20-Z20))
D21: =IF(A21="","",IFERROR(VLOOKUP(C21,Assumptions!$A$12:$B$16,2,FALSE),"")) | I21: =IF(A21="","",IF(H21="",Assumptions!$B$5,H21)) | K21: =IF(A21="","",IF(OR(L21<>"",J21<>"Active"),"",IF(G21<Assumptions!$B$2,"Renewal overdue"&IF(I21<Assumptions!$B$7,", low retention",""),IF(G21<=Assumptions!$B$2+Assumptions!$B$6,"Renewal due soon"&IF(I21<Assumptions!$B$7,", low retention",""),IF(I21<Assumptions!$B$7,"Low retention",""))))) | L21: =IF(A21="","",IF(Assumptions!$B$8<>"Ready","Review assumptions",IF(COUNTIF($A$5:$A$104,A21)>1,"Duplicate contract ID",IF(OR(B21="",C21="",E21="",F21="",G21="",J21=""),"Missing required input",IF(D21="","Frequency not recognized",IF(OR(E21<=0,AND(H21<>"",OR(H21<0,H21>1))),"Check amount or retention",IF(OR(F21<Assumptions!$B$2,F21>EOMONTH(Assumptions!$B$3,11)),"Next service date is outside allowed range",""))))))) | M21: =IF($A21="","",IF($L21<>"","",IF($J21<>"Active",0,IF(AND((YEAR(M$3)-YEAR($F21))*12+MONTH(M$3)-MONTH($F21)>=0,MOD((YEAR(M$3)-YEAR($F21))*12+MONTH(M$3)-MONTH($F21),$D21)=0),ROUND($E21*IF(EDATE($F21,(YEAR(M$3)-YEAR($F21))*12+MONTH(M$3)-MONTH($F21))<$G21,1,$I21),2),0)))) | N21: =IF($A21="","",IF($L21<>"","",IF($J21<>"Active",0,IF(AND((YEAR(N$3)-YEAR($F21))*12+MONTH(N$3)-MONTH($F21)>=0,MOD((YEAR(N$3)-YEAR($F21))*12+MONTH(N$3)-MONTH($F21),$D21)=0),ROUND($E21*IF(EDATE($F21,(YEAR(N$3)-YEAR($F21))*12+MONTH(N$3)-MONTH($F21))<$G21,1,$I21),2),0)))) | O21: =IF($A21="","",IF($L21<>"","",IF($J21<>"Active",0,IF(AND((YEAR(O$3)-YEAR($F21))*12+MONTH(O$3)-MONTH($F21)>=0,MOD((YEAR(O$3)-YEAR($F21))*12+MONTH(O$3)-MONTH($F21),$D21)=0),ROUND($E21*IF(EDATE($F21,(YEAR(O$3)-YEAR($F21))*12+MONTH(O$3)-MONTH($F21))<$G21,1,$I21),2),0)))) | P21: =IF($A21="","",IF($L21<>"","",IF($J21<>"Active",0,IF(AND((YEAR(P$3)-YEAR($F21))*12+MONTH(P$3)-MONTH($F21)>=0,MOD((YEAR(P$3)-YEAR($F21))*12+MONTH(P$3)-MONTH($F21),$D21)=0),ROUND($E21*IF(EDATE($F21,(YEAR(P$3)-YEAR($F21))*12+MONTH(P$3)-MONTH($F21))<$G21,1,$I21),2),0)))) | Q21: =IF($A21="","",IF($L21<>"","",IF($J21<>"Active",0,IF(AND((YEAR(Q$3)-YEAR($F21))*12+MONTH(Q$3)-MONTH($F21)>=0,MOD((YEAR(Q$3)-YEAR($F21))*12+MONTH(Q$3)-MONTH($F21),$D21)=0),ROUND($E21*IF(EDATE($F21,(YEAR(Q$3)-YEAR($F21))*12+MONTH(Q$3)-MONTH($F21))<$G21,1,$I21),2),0)))) | R21: =IF($A21="","",IF($L21<>"","",IF($J21<>"Active",0,IF(AND((YEAR(R$3)-YEAR($F21))*12+MONTH(R$3)-MONTH($F21)>=0,MOD((YEAR(R$3)-YEAR($F21))*12+MONTH(R$3)-MONTH($F21),$D21)=0),ROUND($E21*IF(EDATE($F21,(YEAR(R$3)-YEAR($F21))*12+MONTH(R$3)-MONTH($F21))<$G21,1,$I21),2),0)))) | S21: =IF($A21="","",IF($L21<>"","",IF($J21<>"Active",0,IF(AND((YEAR(S$3)-YEAR($F21))*12+MONTH(S$3)-MONTH($F21)>=0,MOD((YEAR(S$3)-YEAR($F21))*12+MONTH(S$3)-MONTH($F21),$D21)=0),ROUND($E21*IF(EDATE($F21,(YEAR(S$3)-YEAR($F21))*12+MONTH(S$3)-MONTH($F21))<$G21,1,$I21),2),0)))) | T21: =IF($A21="","",IF($L21<>"","",IF($J21<>"Active",0,IF(AND((YEAR(T$3)-YEAR($F21))*12+MONTH(T$3)-MONTH($F21)>=0,MOD((YEAR(T$3)-YEAR($F21))*12+MONTH(T$3)-MONTH($F21),$D21)=0),ROUND($E21*IF(EDATE($F21,(YEAR(T$3)-YEAR($F21))*12+MONTH(T$3)-MONTH($F21))<$G21,1,$I21),2),0)))) | ... X21: =IF($A21="","",IF($L21<>"","",IF($J21<>"Active",0,IF(AND((YEAR(X$3)-YEAR($F21))*12+MONTH(X$3)-MONTH($F21)>=0,MOD((YEAR(X$3)-YEAR($F21))*12+MONTH(X$3)-MONTH($F21),$D21)=0),ROUND($E21*IF(EDATE($F21,(YEAR(X$3)-YEAR($F21))*12+MONTH(X$3)-MONTH($F21))<$G21,1,$I21),2),0)))) | Y21: =IF($A21="","",IF($L21<>"","",IF($J21<>"Active",0,$E21*SUMPRODUCT(--(((YEAR($M$3:$X$3)-YEAR($F21))*12+MONTH($M$3:$X$3)-MONTH($F21))>=0),--(MOD((YEAR($M$3:$X$3)-YEAR($F21))*12+MONTH($M$3:$X$3)-MONTH($F21),$D21)=0))))) | Z21: =IF(A21="","",IF(L21<>"","",SUM(M21:X21))) | AA21: =IF(A21="","",IF(OR(Y21="",Z21=""),"",Y21-Z21))
D22: =IF(A22="","",IFERROR(VLOOKUP(C22,Assumptions!$A$12:$B$16,2,FALSE),"")) | I22: =IF(A22="","",IF(H22="",Assumptions!$B$5,H22)) | K22: =IF(A22="","",IF(OR(L22<>"",J22<>"Active"),"",IF(G22<Assumptions!$B$2,"Renewal overdue"&IF(I22<Assumptions!$B$7,", low retention",""),IF(G22<=Assumptions!$B$2+Assumptions!$B$6,"Renewal due soon"&IF(I22<Assumptions!$B$7,", low retention",""),IF(I22<Assumptions!$B$7,"Low retention",""))))) | L22: =IF(A22="","",IF(Assumptions!$B$8<>"Ready","Review assumptions",IF(COUNTIF($A$5:$A$104,A22)>1,"Duplicate contract ID",IF(OR(B22="",C22="",E22="",F22="",G22="",J22=""),"Missing required input",IF(D22="","Frequency not recognized",IF(OR(E22<=0,AND(H22<>"",OR(H22<0,H22>1))),"Check amount or retention",IF(OR(F22<Assumptions!$B$2,F22>EOMONTH(Assumptions!$B$3,11)),"Next service date is outside allowed range",""))))))) | M22: =IF($A22="","",IF($L22<>"","",IF($J22<>"Active",0,IF(AND((YEAR(M$3)-YEAR($F22))*12+MONTH(M$3)-MONTH($F22)>=0,MOD((YEAR(M$3)-YEAR($F22))*12+MONTH(M$3)-MONTH($F22),$D22)=0),ROUND($E22*IF(EDATE($F22,(YEAR(M$3)-YEAR($F22))*12+MONTH(M$3)-MONTH($F22))<$G22,1,$I22),2),0)))) | N22: =IF($A22="","",IF($L22<>"","",IF($J22<>"Active",0,IF(AND((YEAR(N$3)-YEAR($F22))*12+MONTH(N$3)-MONTH($F22)>=0,MOD((YEAR(N$3)-YEAR($F22))*12+MONTH(N$3)-MONTH($F22),$D22)=0),ROUND($E22*IF(EDATE($F22,(YEAR(N$3)-YEAR($F22))*12+MONTH(N$3)-MONTH($F22))<$G22,1,$I22),2),0)))) | O22: =IF($A22="","",IF($L22<>"","",IF($J22<>"Active",0,IF(AND((YEAR(O$3)-YEAR($F22))*12+MONTH(O$3)-MONTH($F22)>=0,MOD((YEAR(O$3)-YEAR($F22))*12+MONTH(O$3)-MONTH($F22),$D22)=0),ROUND($E22*IF(EDATE($F22,(YEAR(O$3)-YEAR($F22))*12+MONTH(O$3)-MONTH($F22))<$G22,1,$I22),2),0)))) | P22: =IF($A22="","",IF($L22<>"","",IF($J22<>"Active",0,IF(AND((YEAR(P$3)-YEAR($F22))*12+MONTH(P$3)-MONTH($F22)>=0,MOD((YEAR(P$3)-YEAR($F22))*12+MONTH(P$3)-MONTH($F22),$D22)=0),ROUND($E22*IF(EDATE($F22,(YEAR(P$3)-YEAR($F22))*12+MONTH(P$3)-MONTH($F22))<$G22,1,$I22),2),0)))) | Q22: =IF($A22="","",IF($L22<>"","",IF($J22<>"Active",0,IF(AND((YEAR(Q$3)-YEAR($F22))*12+MONTH(Q$3)-MONTH($F22)>=0,MOD((YEAR(Q$3)-YEAR($F22))*12+MONTH(Q$3)-MONTH($F22),$D22)=0),ROUND($E22*IF(EDATE($F22,(YEAR(Q$3)-YEAR($F22))*12+MONTH(Q$3)-MONTH($F22))<$G22,1,$I22),2),0)))) | R22: =IF($A22="","",IF($L22<>"","",IF($J22<>"Active",0,IF(AND((YEAR(R$3)-YEAR($F22))*12+MONTH(R$3)-MONTH($F22)>=0,MOD((YEAR(R$3)-YEAR($F22))*12+MONTH(R$3)-MONTH($F22),$D22)=0),ROUND($E22*IF(EDATE($F22,(YEAR(R$3)-YEAR($F22))*12+MONTH(R$3)-MONTH($F22))<$G22,1,$I22),2),0)))) | S22: =IF($A22="","",IF($L22<>"","",IF($J22<>"Active",0,IF(AND((YEAR(S$3)-YEAR($F22))*12+MONTH(S$3)-MONTH($F22)>=0,MOD((YEAR(S$3)-YEAR($F22))*12+MONTH(S$3)-MONTH($F22),$D22)=0),ROUND($E22*IF(EDATE($F22,(YEAR(S$3)-YEAR($F22))*12+MONTH(S$3)-MONTH($F22))<$G22,1,$I22),2),0)))) | T22: =IF($A22="","",IF($L22<>"","",IF($J22<>"Active",0,IF(AND((YEAR(T$3)-YEAR($F22))*12+MONTH(T$3)-MONTH($F22)>=0,MOD((YEAR(T$3)-YEAR($F22))*12+MONTH(T$3)-MONTH($F22),$D22)=0),ROUND($E22*IF(EDATE($F22,(YEAR(T$3)-YEAR($F22))*12+MONTH(T$3)-MONTH($F22))<$G22,1,$I22),2),0)))) | ... X22: =IF($A22="","",IF($L22<>"","",IF($J22<>"Active",0,IF(AND((YEAR(X$3)-YEAR($F22))*12+MONTH(X$3)-MONTH($F22)>=0,MOD((YEAR(X$3)-YEAR($F22))*12+MONTH(X$3)-MONTH($F22),$D22)=0),ROUND($E22*IF(EDATE($F22,(YEAR(X$3)-YEAR($F22))*12+MONTH(X$3)-MONTH($F22))<$G22,1,$I22),2),0)))) | Y22: =IF($A22="","",IF($L22<>"","",IF($J22<>"Active",0,$E22*SUMPRODUCT(--(((YEAR($M$3:$X$3)-YEAR($F22))*12+MONTH($M$3:$X$3)-MONTH($F22))>=0),--(MOD((YEAR($M$3:$X$3)-YEAR($F22))*12+MONTH($M$3:$X$3)-MONTH($F22),$D22)=0))))) | Z22: =IF(A22="","",IF(L22<>"","",SUM(M22:X22))) | AA22: =IF(A22="","",IF(OR(Y22="",Z22=""),"",Y22-Z22))
D23: =IF(A23="","",IFERROR(VLOOKUP(C23,Assumptions!$A$12:$B$16,2,FALSE),"")) | I23: =IF(A23="","",IF(H23="",Assumptions!$B$5,H23)) | K23: =IF(A23="","",IF(OR(L23<>"",J23<>"Active"),"",IF(G23<Assumptions!$B$2,"Renewal overdue"&IF(I23<Assumptions!$B$7,", low retention",""),IF(G23<=Assumptions!$B$2+Assumptions!$B$6,"Renewal due soon"&IF(I23<Assumptions!$B$7,", low retention",""),IF(I23<Assumptions!$B$7,"Low retention",""))))) | L23: =IF(A23="","",IF(Assumptions!$B$8<>"Ready","Review assumptions",IF(COUNTIF($A$5:$A$104,A23)>1,"Duplicate contract ID",IF(OR(B23="",C23="",E23="",F23="",G23="",J23=""),"Missing required input",IF(D23="","Frequency not recognized",IF(OR(E23<=0,AND(H23<>"",OR(H23<0,H23>1))),"Check amount or retention",IF(OR(F23<Assumptions!$B$2,F23>EOMONTH(Assumptions!$B$3,11)),"Next service date is outside allowed range",""))))))) | M23: =IF($A23="","",IF($L23<>"","",IF($J23<>"Active",0,IF(AND((YEAR(M$3)-YEAR($F23))*12+MONTH(M$3)-MONTH($F23)>=0,MOD((YEAR(M$3)-YEAR($F23))*12+MONTH(M$3)-MONTH($F23),$D23)=0),ROUND($E23*IF(EDATE($F23,(YEAR(M$3)-YEAR($F23))*12+MONTH(M$3)-MONTH($F23))<$G23,1,$I23),2),0)))) | N23: =IF($A23="","",IF($L23<>"","",IF($J23<>"Active",0,IF(AND((YEAR(N$3)-YEAR($F23))*12+MONTH(N$3)-MONTH($F23)>=0,MOD((YEAR(N$3)-YEAR($F23))*12+MONTH(N$3)-MONTH($F23),$D23)=0),ROUND($E23*IF(EDATE($F23,(YEAR(N$3)-YEAR($F23))*12+MONTH(N$3)-MONTH($F23))<$G23,1,$I23),2),0)))) | O23: =IF($A23="","",IF($L23<>"","",IF($J23<>"Active",0,IF(AND((YEAR(O$3)-YEAR($F23))*12+MONTH(O$3)-MONTH($F23)>=0,MOD((YEAR(O$3)-YEAR($F23))*12+MONTH(O$3)-MONTH($F23),$D23)=0),ROUND($E23*IF(EDATE($F23,(YEAR(O$3)-YEAR($F23))*12+MONTH(O$3)-MONTH($F23))<$G23,1,$I23),2),0)))) | P23: =IF($A23="","",IF($L23<>"","",IF($J23<>"Active",0,IF(AND((YEAR(P$3)-YEAR($F23))*12+MONTH(P$3)-MONTH($F23)>=0,MOD((YEAR(P$3)-YEAR($F23))*12+MONTH(P$3)-MONTH($F23),$D23)=0),ROUND($E23*IF(EDATE($F23,(YEAR(P$3)-YEAR($F23))*12+MONTH(P$3)-MONTH($F23))<$G23,1,$I23),2),0)))) | Q23: =IF($A23="","",IF($L23<>"","",IF($J23<>"Active",0,IF(AND((YEAR(Q$3)-YEAR($F23))*12+MONTH(Q$3)-MONTH($F23)>=0,MOD((YEAR(Q$3)-YEAR($F23))*12+MONTH(Q$3)-MONTH($F23),$D23)=0),ROUND($E23*IF(EDATE($F23,(YEAR(Q$3)-YEAR($F23))*12+MONTH(Q$3)-MONTH($F23))<$G23,1,$I23),2),0)))) | R23: =IF($A23="","",IF($L23<>"","",IF($J23<>"Active",0,IF(AND((YEAR(R$3)-YEAR($F23))*12+MONTH(R$3)-MONTH($F23)>=0,MOD((YEAR(R$3)-YEAR($F23))*12+MONTH(R$3)-MONTH($F23),$D23)=0),ROUND($E23*IF(EDATE($F23,(YEAR(R$3)-YEAR($F23))*12+MONTH(R$3)-MONTH($F23))<$G23,1,$I23),2),0)))) | S23: =IF($A23="","",IF($L23<>"","",IF($J23<>"Active",0,IF(AND((YEAR(S$3)-YEAR($F23))*12+MONTH(S$3)-MONTH($F23)>=0,MOD((YEAR(S$3)-YEAR($F23))*12+MONTH(S$3)-MONTH($F23),$D23)=0),ROUND($E23*IF(EDATE($F23,(YEAR(S$3)-YEAR($F23))*12+MONTH(S$3)-MONTH($F23))<$G23,1,$I23),2),0)))) | T23: =IF($A23="","",IF($L23<>"","",IF($J23<>"Active",0,IF(AND((YEAR(T$3)-YEAR($F23))*12+MONTH(T$3)-MONTH($F23)>=0,MOD((YEAR(T$3)-YEAR($F23))*12+MONTH(T$3)-MONTH($F23),$D23)=0),ROUND($E23*IF(EDATE($F23,(YEAR(T$3)-YEAR($F23))*12+MONTH(T$3)-MONTH($F23))<$G23,1,$I23),2),0)))) | ... X23: =IF($A23="","",IF($L23<>"","",IF($J23<>"Active",0,IF(AND((YEAR(X$3)-YEAR($F23))*12+MONTH(X$3)-MONTH($F23)>=0,MOD((YEAR(X$3)-YEAR($F23))*12+MONTH(X$3)-MONTH($F23),$D23)=0),ROUND($E23*IF(EDATE($F23,(YEAR(X$3)-YEAR($F23))*12+MONTH(X$3)-MONTH($F23))<$G23,1,$I23),2),0)))) | Y23: =IF($A23="","",IF($L23<>"","",IF($J23<>"Active",0,$E23*SUMPRODUCT(--(((YEAR($M$3:$X$3)-YEAR($F23))*12+MONTH($M$3:$X$3)-MONTH($F23))>=0),--(MOD((YEAR($M$3:$X$3)-YEAR($F23))*12+MONTH($M$3:$X$3)-MONTH($F23),$D23)=0))))) | Z23: =IF(A23="","",IF(L23<>"","",SUM(M23:X23))) | AA23: =IF(A23="","",IF(OR(Y23="",Z23=""),"",Y23-Z23))
D24: =IF(A24="","",IFERROR(VLOOKUP(C24,Assumptions!$A$12:$B$16,2,FALSE),"")) | I24: =IF(A24="","",IF(H24="",Assumptions!$B$5,H24)) | K24: =IF(A24="","",IF(OR(L24<>"",J24<>"Active"),"",IF(G24<Assumptions!$B$2,"Renewal overdue"&IF(I24<Assumptions!$B$7,", low retention",""),IF(G24<=Assumptions!$B$2+Assumptions!$B$6,"Renewal due soon"&IF(I24<Assumptions!$B$7,", low retention",""),IF(I24<Assumptions!$B$7,"Low retention",""))))) | L24: =IF(A24="","",IF(Assumptions!$B$8<>"Ready","Review assumptions",IF(COUNTIF($A$5:$A$104,A24)>1,"Duplicate contract ID",IF(OR(B24="",C24="",E24="",F24="",G24="",J24=""),"Missing required input",IF(D24="","Frequency not recognized",IF(OR(E24<=0,AND(H24<>"",OR(H24<0,H24>1))),"Check amount or retention",IF(OR(F24<Assumptions!$B$2,F24>EOMONTH(Assumptions!$B$3,11)),"Next service date is outside allowed range",""))))))) | M24: =IF($A24="","",IF($L24<>"","",IF($J24<>"Active",0,IF(AND((YEAR(M$3)-YEAR($F24))*12+MONTH(M$3)-MONTH($F24)>=0,MOD((YEAR(M$3)-YEAR($F24))*12+MONTH(M$3)-MONTH($F24),$D24)=0),ROUND($E24*IF(EDATE($F24,(YEAR(M$3)-YEAR($F24))*12+MONTH(M$3)-MONTH($F24))<$G24,1,$I24),2),0)))) | N24: =IF($A24="","",IF($L24<>"","",IF($J24<>"Active",0,IF(AND((YEAR(N$3)-YEAR($F24))*12+MONTH(N$3)-MONTH($F24)>=0,MOD((YEAR(N$3)-YEAR($F24))*12+MONTH(N$3)-MONTH($F24),$D24)=0),ROUND($E24*IF(EDATE($F24,(YEAR(N$3)-YEAR($F24))*12+MONTH(N$3)-MONTH($F24))<$G24,1,$I24),2),0)))) | O24: =IF($A24="","",IF($L24<>"","",IF($J24<>"Active",0,IF(AND((YEAR(O$3)-YEAR($F24))*12+MONTH(O$3)-MONTH($F24)>=0,MOD((YEAR(O$3)-YEAR($F24))*12+MONTH(O$3)-MONTH($F24),$D24)=0),ROUND($E24*IF(EDATE($F24,(YEAR(O$3)-YEAR($F24))*12+MONTH(O$3)-MONTH($F24))<$G24,1,$I24),2),0)))) | P24: =IF($A24="","",IF($L24<>"","",IF($J24<>"Active",0,IF(AND((YEAR(P$3)-YEAR($F24))*12+MONTH(P$3)-MONTH($F24)>=0,MOD((YEAR(P$3)-YEAR($F24))*12+MONTH(P$3)-MONTH($F24),$D24)=0),ROUND($E24*IF(EDATE($F24,(YEAR(P$3)-YEAR($F24))*12+MONTH(P$3)-MONTH($F24))<$G24,1,$I24),2),0)))) | Q24: =IF($A24="","",IF($L24<>"","",IF($J24<>"Active",0,IF(AND((YEAR(Q$3)-YEAR($F24))*12+MONTH(Q$3)-MONTH($F24)>=0,MOD((YEAR(Q$3)-YEAR($F24))*12+MONTH(Q$3)-MONTH($F24),$D24)=0),ROUND($E24*IF(EDATE($F24,(YEAR(Q$3)-YEAR($F24))*12+MONTH(Q$3)-MONTH($F24))<$G24,1,$I24),2),0)))) | R24: =IF($A24="","",IF($L24<>"","",IF($J24<>"Active",0,IF(AND((YEAR(R$3)-YEAR($F24))*12+MONTH(R$3)-MONTH($F24)>=0,MOD((YEAR(R$3)-YEAR($F24))*12+MONTH(R$3)-MONTH($F24),$D24)=0),ROUND($E24*IF(EDATE($F24,(YEAR(R$3)-YEAR($F24))*12+MONTH(R$3)-MONTH($F24))<$G24,1,$I24),2),0)))) | S24: =IF($A24="","",IF($L24<>"","",IF($J24<>"Active",0,IF(AND((YEAR(S$3)-YEAR($F24))*12+MONTH(S$3)-MONTH($F24)>=0,MOD((YEAR(S$3)-YEAR($F24))*12+MONTH(S$3)-MONTH($F24),$D24)=0),ROUND($E24*IF(EDATE($F24,(YEAR(S$3)-YEAR($F24))*12+MONTH(S$3)-MONTH($F24))<$G24,1,$I24),2),0)))) | T24: =IF($A24="","",IF($L24<>"","",IF($J24<>"Active",0,IF(AND((YEAR(T$3)-YEAR($F24))*12+MONTH(T$3)-MONTH($F24)>=0,MOD((YEAR(T$3)-YEAR($F24))*12+MONTH(T$3)-MONTH($F24),$D24)=0),ROUND($E24*IF(EDATE($F24,(YEAR(T$3)-YEAR($F24))*12+MONTH(T$3)-MONTH($F24))<$G24,1,$I24),2),0)))) | ... X24: =IF($A24="","",IF($L24<>"","",IF($J24<>"Active",0,IF(AND((YEAR(X$3)-YEAR($F24))*12+MONTH(X$3)-MONTH($F24)>=0,MOD((YEAR(X$3)-YEAR($F24))*12+MONTH(X$3)-MONTH($F24),$D24)=0),ROUND($E24*IF(EDATE($F24,(YEAR(X$3)-YEAR($F24))*12+MONTH(X$3)-MONTH($F24))<$G24,1,$I24),2),0)))) | Y24: =IF($A24="","",IF($L24<>"","",IF($J24<>"Active",0,$E24*SUMPRODUCT(--(((YEAR($M$3:$X$3)-YEAR($F24))*12+MONTH($M$3:$X$3)-MONTH($F24))>=0),--(MOD((YEAR($M$3:$X$3)-YEAR($F24))*12+MONTH($M$3:$X$3)-MONTH($F24),$D24)=0))))) | Z24: =IF(A24="","",IF(L24<>"","",SUM(M24:X24))) | AA24: =IF(A24="","",IF(OR(Y24="",Z24=""),"",Y24-Z24))
D25: =IF(A25="","",IFERROR(VLOOKUP(C25,Assumptions!$A$12:$B$16,2,FALSE),"")) | I25: =IF(A25="","",IF(H25="",Assumptions!$B$5,H25)) | K25: =IF(A25="","",IF(OR(L25<>"",J25<>"Active"),"",IF(G25<Assumptions!$B$2,"Renewal overdue"&IF(I25<Assumptions!$B$7,", low retention",""),IF(G25<=Assumptions!$B$2+Assumptions!$B$6,"Renewal due soon"&IF(I25<Assumptions!$B$7,", low retention",""),IF(I25<Assumptions!$B$7,"Low retention",""))))) | L25: =IF(A25="","",IF(Assumptions!$B$8<>"Ready","Review assumptions",IF(COUNTIF($A$5:$A$104,A25)>1,"Duplicate contract ID",IF(OR(B25="",C25="",E25="",F25="",G25="",J25=""),"Missing required input",IF(D25="","Frequency not recognized",IF(OR(E25<=0,AND(H25<>"",OR(H25<0,H25>1))),"Check amount or retention",IF(OR(F25<Assumptions!$B$2,F25>EOMONTH(Assumptions!$B$3,11)),"Next service date is outside allowed range",""))))))) | M25: =IF($A25="","",IF($L25<>"","",IF($J25<>"Active",0,IF(AND((YEAR(M$3)-YEAR($F25))*12+MONTH(M$3)-MONTH($F25)>=0,MOD((YEAR(M$3)-YEAR($F25))*12+MONTH(M$3)-MONTH($F25),$D25)=0),ROUND($E25*IF(EDATE($F25,(YEAR(M$3)-YEAR($F25))*12+MONTH(M$3)-MONTH($F25))<$G25,1,$I25),2),0)))) | N25: =IF($A25="","",IF($L25<>"","",IF($J25<>"Active",0,IF(AND((YEAR(N$3)-YEAR($F25))*12+MONTH(N$3)-MONTH($F25)>=0,MOD((YEAR(N$3)-YEAR($F25))*12+MONTH(N$3)-MONTH($F25),$D25)=0),ROUND($E25*IF(EDATE($F25,(YEAR(N$3)-YEAR($F25))*12+MONTH(N$3)-MONTH($F25))<$G25,1,$I25),2),0)))) | O25: =IF($A25="","",IF($L25<>"","",IF($J25<>"Active",0,IF(AND((YEAR(O$3)-YEAR($F25))*12+MONTH(O$3)-MONTH($F25)>=0,MOD((YEAR(O$3)-YEAR($F25))*12+MONTH(O$3)-MONTH($F25),$D25)=0),ROUND($E25*IF(EDATE($F25,(YEAR(O$3)-YEAR($F25))*12+MONTH(O$3)-MONTH($F25))<$G25,1,$I25),2),0)))) | P25: =IF($A25="","",IF($L25<>"","",IF($J25<>"Active",0,IF(AND((YEAR(P$3)-YEAR($F25))*12+MONTH(P$3)-MONTH($F25)>=0,MOD((YEAR(P$3)-YEAR($F25))*12+MONTH(P$3)-MONTH($F25),$D25)=0),ROUND($E25*IF(EDATE($F25,(YEAR(P$3)-YEAR($F25))*12+MONTH(P$3)-MONTH($F25))<$G25,1,$I25),2),0)))) | Q25: =IF($A25="","",IF($L25<>"","",IF($J25<>"Active",0,IF(AND((YEAR(Q$3)-YEAR($F25))*12+MONTH(Q$3)-MONTH($F25)>=0,MOD((YEAR(Q$3)-YEAR($F25))*12+MONTH(Q$3)-MONTH($F25),$D25)=0),ROUND($E25*IF(EDATE($F25,(YEAR(Q$3)-YEAR($F25))*12+MONTH(Q$3)-MONTH($F25))<$G25,1,$I25),2),0)))) | R25: =IF($A25="","",IF($L25<>"","",IF($J25<>"Active",0,IF(AND((YEAR(R$3)-YEAR($F25))*12+MONTH(R$3)-MONTH($F25)>=0,MOD((YEAR(R$3)-YEAR($F25))*12+MONTH(R$3)-MONTH($F25),$D25)=0),ROUND($E25*IF(EDATE($F25,(YEAR(R$3)-YEAR($F25))*12+MONTH(R$3)-MONTH($F25))<$G25,1,$I25),2),0)))) | S25: =IF($A25="","",IF($L25<>"","",IF($J25<>"Active",0,IF(AND((YEAR(S$3)-YEAR($F25))*12+MONTH(S$3)-MONTH($F25)>=0,MOD((YEAR(S$3)-YEAR($F25))*12+MONTH(S$3)-MONTH($F25),$D25)=0),ROUND($E25*IF(EDATE($F25,(YEAR(S$3)-YEAR($F25))*12+MONTH(S$3)-MONTH($F25))<$G25,1,$I25),2),0)))) | T25: =IF($A25="","",IF($L25<>"","",IF($J25<>"Active",0,IF(AND((YEAR(T$3)-YEAR($F25))*12+MONTH(T$3)-MONTH($F25)>=0,MOD((YEAR(T$3)-YEAR($F25))*12+MONTH(T$3)-MONTH($F25),$D25)=0),ROUND($E25*IF(EDATE($F25,(YEAR(T$3)-YEAR($F25))*12+MONTH(T$3)-MONTH($F25))<$G25,1,$I25),2),0)))) | ... X25: =IF($A25="","",IF($L25<>"","",IF($J25<>"Active",0,IF(AND((YEAR(X$3)-YEAR($F25))*12+MONTH(X$3)-MONTH($F25)>=0,MOD((YEAR(X$3)-YEAR($F25))*12+MONTH(X$3)-MONTH($F25),$D25)=0),ROUND($E25*IF(EDATE($F25,(YEAR(X$3)-YEAR($F25))*12+MONTH(X$3)-MONTH($F25))<$G25,1,$I25),2),0)))) | Y25: =IF($A25="","",IF($L25<>"","",IF($J25<>"Active",0,$E25*SUMPRODUCT(--(((YEAR($M$3:$X$3)-YEAR($F25))*12+MONTH($M$3:$X$3)-MONTH($F25))>=0),--(MOD((YEAR($M$3:$X$3)-YEAR($F25))*12+MONTH($M$3:$X$3)-MONTH($F25),$D25)=0))))) | Z25: =IF(A25="","",IF(L25<>"","",SUM(M25:X25))) | AA25: =IF(A25="","",IF(OR(Y25="",Z25=""),"",Y25-Z25))
D26: =IF(A26="","",IFERROR(VLOOKUP(C26,Assumptions!$A$12:$B$16,2,FALSE),"")) | I26: =IF(A26="","",IF(H26="",Assumptions!$B$5,H26)) | K26: =IF(A26="","",IF(OR(L26<>"",J26<>"Active"),"",IF(G26<Assumptions!$B$2,"Renewal overdue"&IF(I26<Assumptions!$B$7,", low retention",""),IF(G26<=Assumptions!$B$2+Assumptions!$B$6,"Renewal due soon"&IF(I26<Assumptions!$B$7,", low retention",""),IF(I26<Assumptions!$B$7,"Low retention",""))))) | L26: =IF(A26="","",IF(Assumptions!$B$8<>"Ready","Review assumptions",IF(COUNTIF($A$5:$A$104,A26)>1,"Duplicate contract ID",IF(OR(B26="",C26="",E26="",F26="",G26="",J26=""),"Missing required input",IF(D26="","Frequency not recognized",IF(OR(E26<=0,AND(H26<>"",OR(H26<0,H26>1))),"Check amount or retention",IF(OR(F26<Assumptions!$B$2,F26>EOMONTH(Assumptions!$B$3,11)),"Next service date is outside allowed range",""))))))) | M26: =IF($A26="","",IF($L26<>"","",IF($J26<>"Active",0,IF(AND((YEAR(M$3)-YEAR($F26))*12+MONTH(M$3)-MONTH($F26)>=0,MOD((YEAR(M$3)-YEAR($F26))*12+MONTH(M$3)-MONTH($F26),$D26)=0),ROUND($E26*IF(EDATE($F26,(YEAR(M$3)-YEAR($F26))*12+MONTH(M$3)-MONTH($F26))<$G26,1,$I26),2),0)))) | N26: =IF($A26="","",IF($L26<>"","",IF($J26<>"Active",0,IF(AND((YEAR(N$3)-YEAR($F26))*12+MONTH(N$3)-MONTH($F26)>=0,MOD((YEAR(N$3)-YEAR($F26))*12+MONTH(N$3)-MONTH($F26),$D26)=0),ROUND($E26*IF(EDATE($F26,(YEAR(N$3)-YEAR($F26))*12+MONTH(N$3)-MONTH($F26))<$G26,1,$I26),2),0)))) | O26: =IF($A26="","",IF($L26<>"","",IF($J26<>"Active",0,IF(AND((YEAR(O$3)-YEAR($F26))*12+MONTH(O$3)-MONTH($F26)>=0,MOD((YEAR(O$3)-YEAR($F26))*12+MONTH(O$3)-MONTH($F26),$D26)=0),ROUND($E26*IF(EDATE($F26,(YEAR(O$3)-YEAR($F26))*12+MONTH(O$3)-MONTH($F26))<$G26,1,$I26),2),0)))) | P26: =IF($A26="","",IF($L26<>"","",IF($J26<>"Active",0,IF(AND((YEAR(P$3)-YEAR($F26))*12+MONTH(P$3)-MONTH($F26)>=0,MOD((YEAR(P$3)-YEAR($F26))*12+MONTH(P$3)-MONTH($F26),$D26)=0),ROUND($E26*IF(EDATE($F26,(YEAR(P$3)-YEAR($F26))*12+MONTH(P$3)-MONTH($F26))<$G26,1,$I26),2),0)))) | Q26: =IF($A26="","",IF($L26<>"","",IF($J26<>"Active",0,IF(AND((YEAR(Q$3)-YEAR($F26))*12+MONTH(Q$3)-MONTH($F26)>=0,MOD((YEAR(Q$3)-YEAR($F26))*12+MONTH(Q$3)-MONTH($F26),$D26)=0),ROUND($E26*IF(EDATE($F26,(YEAR(Q$3)-YEAR($F26))*12+MONTH(Q$3)-MONTH($F26))<$G26,1,$I26),2),0)))) | R26: =IF($A26="","",IF($L26<>"","",IF($J26<>"Active",0,IF(AND((YEAR(R$3)-YEAR($F26))*12+MONTH(R$3)-MONTH($F26)>=0,MOD((YEAR(R$3)-YEAR($F26))*12+MONTH(R$3)-MONTH($F26),$D26)=0),ROUND($E26*IF(EDATE($F26,(YEAR(R$3)-YEAR($F26))*12+MONTH(R$3)-MONTH($F26))<$G26,1,$I26),2),0)))) | S26: =IF($A26="","",IF($L26<>"","",IF($J26<>"Active",0,IF(AND((YEAR(S$3)-YEAR($F26))*12+MONTH(S$3)-MONTH($F26)>=0,MOD((YEAR(S$3)-YEAR($F26))*12+MONTH(S$3)-MONTH($F26),$D26)=0),ROUND($E26*IF(EDATE($F26,(YEAR(S$3)-YEAR($F26))*12+MONTH(S$3)-MONTH($F26))<$G26,1,$I26),2),0)))) | T26: =IF($A26="","",IF($L26<>"","",IF($J26<>"Active",0,IF(AND((YEAR(T$3)-YEAR($F26))*12+MONTH(T$3)-MONTH($F26)>=0,MOD((YEAR(T$3)-YEAR($F26))*12+MONTH(T$3)-MONTH($F26),$D26)=0),ROUND($E26*IF(EDATE($F26,(YEAR(T$3)-YEAR($F26))*12+MONTH(T$3)-MONTH($F26))<$G26,1,$I26),2),0)))) | ... X26: =IF($A26="","",IF($L26<>"","",IF($J26<>"Active",0,IF(AND((YEAR(X$3)-YEAR($F26))*12+MONTH(X$3)-MONTH($F26)>=0,MOD((YEAR(X$3)-YEAR($F26))*12+MONTH(X$3)-MONTH($F26),$D26)=0),ROUND($E26*IF(EDATE($F26,(YEAR(X$3)-YEAR($F26))*12+MONTH(X$3)-MONTH($F26))<$G26,1,$I26),2),0)))) | Y26: =IF($A26="","",IF($L26<>"","",IF($J26<>"Active",0,$E26*SUMPRODUCT(--(((YEAR($M$3:$X$3)-YEAR($F26))*12+MONTH($M$3:$X$3)-MONTH($F26))>=0),--(MOD((YEAR($M$3:$X$3)-YEAR($F26))*12+MONTH($M$3:$X$3)-MONTH($F26),$D26)=0))))) | Z26: =IF(A26="","",IF(L26<>"","",SUM(M26:X26))) | AA26: =IF(A26="","",IF(OR(Y26="",Z26=""),"",Y26-Z26))
... D104: =IF(A104="","",IFERROR(VLOOKUP(C104,Assumptions!$A$12:$B$16,2,FALSE),"")) | I104: =IF(A104="","",IF(H104="",Assumptions!$B$5,H104)) | K104: =IF(A104="","",IF(OR(L104<>"",J104<>"Active"),"",IF(G104<Assumptions!$B$2,"Renewal overdue"&IF(I104<Assumptions!$B$7,", low retention",""),IF(G104<=Assumptions!$B$2+Assumptions!$B$6,"Renewal due soon"&IF(I104<Assumptions!$B$7,", low retention",""),IF(I104<Assumptions!$B$7,"Low retention",""))))) | L104: =IF(A104="","",IF(Assumptions!$B$8<>"Ready","Review assumptions",IF(COUNTIF($A$5:$A$104,A104)>1,"Duplicate contract ID",IF(OR(B104="",C104="",E104="",F104="",G104="",J104=""),"Missing required input",IF(D104="","Frequency not recognized",IF(OR(E104<=0,AND(H104<>"",OR(H104<0,H104>1))),"Check amount or retention",IF(OR(F104<Assumptions!$B$2,F104>EOMONTH(Assumptions!$B$3,11)),"Next service date is outside allowed range",""))))))) | M104: =IF($A104="","",IF($L104<>"","",IF($J104<>"Active",0,IF(AND((YEAR(M$3)-YEAR($F104))*12+MONTH(M$3)-MONTH($F104)>=0,MOD((YEAR(M$3)-YEAR($F104))*12+MONTH(M$3)-MONTH($F104),$D104)=0),ROUND($E104*IF(EDATE($F104,(YEAR(M$3)-YEAR($F104))*12+MONTH(M$3)-MONTH($F104))<$G104,1,$I104),2),0)))) | N104: =IF($A104="","",IF($L104<>"","",IF($J104<>"Active",0,IF(AND((YEAR(N$3)-YEAR($F104))*12+MONTH(N$3)-MONTH($F104)>=0,MOD((YEAR(N$3)-YEAR($F104))*12+MONTH(N$3)-MONTH($F104),$D104)=0),ROUND($E104*IF(EDATE($F104,(YEAR(N$3)-YEAR($F104))*12+MONTH(N$3)-MONTH($F104))<$G104,1,$I104),2),0)))) | O104: =IF($A104="","",IF($L104<>"","",IF($J104<>"Active",0,IF(AND((YEAR(O$3)-YEAR($F104))*12+MONTH(O$3)-MONTH($F104)>=0,MOD((YEAR(O$3)-YEAR($F104))*12+MONTH(O$3)-MONTH($F104),$D104)=0),ROUND($E104*IF(EDATE($F104,(YEAR(O$3)-YEAR($F104))*12+MONTH(O$3)-MONTH($F104))<$G104,1,$I104),2),0)))) | P104: =IF($A104="","",IF($L104<>"","",IF($J104<>"Active",0,IF(AND((YEAR(P$3)-YEAR($F104))*12+MONTH(P$3)-MONTH($F104)>=0,MOD((YEAR(P$3)-YEAR($F104))*12+MONTH(P$3)-MONTH($F104),$D104)=0),ROUND($E104*IF(EDATE($F104,(YEAR(P$3)-YEAR($F104))*12+MONTH(P$3)-MONTH($F104))<$G104,1,$I104),2),0)))) | Q104: =IF($A104="","",IF($L104<>"","",IF($J104<>"Active",0,IF(AND((YEAR(Q$3)-YEAR($F104))*12+MONTH(Q$3)-MONTH($F104)>=0,MOD((YEAR(Q$3)-YEAR($F104))*12+MONTH(Q$3)-MONTH($F104),$D104)=0),ROUND($E104*IF(EDATE($F104,(YEAR(Q$3)-YEAR($F104))*12+MONTH(Q$3)-MONTH($F104))<$G104,1,$I104),2),0)))) | R104: =IF($A104="","",IF($L104<>"","",IF($J104<>"Active",0,IF(AND((YEAR(R$3)-YEAR($F104))*12+MONTH(R$3)-MONTH($F104)>=0,MOD((YEAR(R$3)-YEAR($F104))*12+MONTH(R$3)-MONTH($F104),$D104)=0),ROUND($E104*IF(EDATE($F104,(YEAR(R$3)-YEAR($F104))*12+MONTH(R$3)-MONTH($F104))<$G104,1,$I104),2),0)))) | S104: =IF($A104="","",IF($L104<>"","",IF($J104<>"Active",0,IF(AND((YEAR(S$3)-YEAR($F104))*12+MONTH(S$3)-MONTH($F104)>=0,MOD((YEAR(S$3)-YEAR($F104))*12+MONTH(S$3)-MONTH($F104),$D104)=0),ROUND($E104*IF(EDATE($F104,(YEAR(S$3)-YEAR($F104))*12+MONTH(S$3)-MONTH($F104))<$G104,1,$I104),2),0)))) | T104: =IF($A104="","",IF($L104<>"","",IF($J104<>"Active",0,IF(AND((YEAR(T$3)-YEAR($F104))*12+MONTH(T$3)-MONTH($F104)>=0,MOD((YEAR(T$3)-YEAR($F104))*12+MONTH(T$3)-MONTH($F104),$D104)=0),ROUND($E104*IF(EDATE($F104,(YEAR(T$3)-YEAR($F104))*12+MONTH(T$3)-MONTH($F104))<$G104,1,$I104),2),0)))) | ... X104: =IF($A104="","",IF($L104<>"","",IF($J104<>"Active",0,IF(AND((YEAR(X$3)-YEAR($F104))*12+MONTH(X$3)-MONTH($F104)>=0,MOD((YEAR(X$3)-YEAR($F104))*12+MONTH(X$3)-MONTH($F104),$D104)=0),ROUND($E104*IF(EDATE($F104,(YEAR(X$3)-YEAR($F104))*12+MONTH(X$3)-MONTH($F104))<$G104,1,$I104),2),0)))) | Y104: =IF($A104="","",IF($L104<>"","",IF($J104<>"Active",0,$E104*SUMPRODUCT(--(((YEAR($M$3:$X$3)-YEAR($F104))*12+MONTH($M$3:$X$3)-MONTH($F104))>=0),--(MOD((YEAR($M$3:$X$3)-YEAR($F104))*12+MONTH($M$3:$X$3)-MONTH($F104),$D104)=0))))) | Z104: =IF(A104="","",IF(L104<>"","",SUM(M104:X104))) | AA104: =IF(A104="","",IF(OR(Y104="",Z104=""),"",Y104-Z104))
